Workbook
Name Rubros: [1]Datos!$B$4:$B$63

Sheet Liquidacion inicial
A2: RECURSOS OPERACIÓN LOGISTICA Y LIQUIDACION DE COMISIONES
A3: VALOR NEGOCIACION | B3: =+H4 -> 37506990376 | F3: Concepto | G3: % | H3: Valor antes Iva | I3: Iva | J3: Total | M3: smlv | N3: 1423500
A4: VALOR DE NEGOCIACION | B4: =+H4 -> 37506990376 | E4: LOGISTICA | F4: Operador Logistico | H4: =+L15 -> 37506990376 | I4: =+ROUND(AVERAGE(H4*19%),0) -> 7126328171 | J4: =+I4+H4 -> 44633318547 | K4: =+J4 -> 44633318547 | M4: =+K4-L4 -> 44633318547 | N4: =+K9/N3 -> 31577.25
A5: IVA | B5: =+ROUND(AVERAGE(B3*19%),0) -> 7126328171 | E5: BOLSA MERCANTIL | F5: Registro Bolsa | G5: 0.003 | H5: =+ROUND(AVERAGE(H4*G5),0) -> 112520971 | I5: =+ROUND(AVERAGE(H5*19%),0) -> 21378984 | J5: =+H5+I5 -> 133899955 | K5: =SUM(J5:J6) -> 227629924
A6: VALOR TOTAL DE NEGOCIACION | B6: =+B4+B5 -> 44633318547 | F6: Compensacion y liqu | G6: 0.0021 | H6: =+ROUND(AVERAGE(H4*G6),0) -> 78764680 | I6: =+ROUND(AVERAGE(H6*19%),0) -> 14965289 | J6: =+H6+I6 -> 93729969
A7: SERVICIO DE REGISTRO (0,30%) | B7: =ROUND(AVERAGE(+B4*0.3%),0) -> 112520971 | C7: MBC | E7: COMISIONISTA | F7: Costo Comision | G7: 0.002 | H7: =+ROUND(AVERAGE(H4*G7),0) -> 75013981 | I7: =+ROUND(AVERAGE(H7*19%),0) -> 14252656 | J7: =+H7+I7 -> 89266637 | K7: =+J7 -> 89266637
A8: IVA SERVICIO DE REGISTRO (19%) | B8: =ROUND(AVERAGE(+B7*19%),0) -> 21378984 | C8: MBC | H8: =+B9 -> 0 | I8: =+ROUND(AVERAGE(H8*19%),0) -> 0 | J8: =(+I8+H8)*G8 -> 0
A9: ESTANPA CRONOLOGICA | C9: MBC | H9: =SUM(H4:H8) -> 37773290008 | I9: =SUM(I4:I8) -> 7176925100 | J9: =+J8+J7+J6+J5+J4 -> 44950215108 | K9: =SUM(K4:K7) -> 44950215108
A10: IVA ESTAMPA | C10: MBC | L10: 44950215108 | M10: =+L10-K4 -> 316896561 | O10: 33961036957
A11: COMISION (0,2%) | B11: =ROUND(AVERAGE(+B4*0.2%),0) -> 75013981 | C11: Com | L11: 316896561
A12: IVA COMISIÓN (19%) | B12: =ROUND(AVERAGE(+B11*19%),0) -> 14252656 | L12: =+L11/L10 -> 0.0070499454
A13: ACEPTADA CYL (0,21%) | B13: =+ROUND(AVERAGE(B4*0.21%),0) -> 78764680 | C13: MBC
A14: IVA ACEPTADA CYL (19%) | B14: =+ROUND(AVERAGE(B13*19%),0) -> 14965289 | C14: MBC | L14: =+L10-L11 -> 44633318547
A15: TOTAL COSTOS COMISION | B15: =SUM(B7:B14) -> 316896561 | L15: =+ROUND(AVERAGE(L14/1.19),0) -> 37506990376
A16: TOTAL COMPROBANTE DE NEGOCIACION | B16: =+B15+B6 -> 44950215108 | J16: =+L10-J9 -> 0
A17: BOLSA MERCANTIL | B17: =+B7+B8+B13+B14+B9+B10 -> 227629924
A18: CORREAGRO | B18: =+B11+B12 -> 89266637
A19: RECURSOS EVENTOS | B19: =+B6 -> 44633318547
A20: TOTAL | B20: =SUM(B17:B19) -> 44950215108
F21: LIQUIDACION COMISIONES
F22: Concepto | G22: % | H22: Valor antes Iva | I22: Iva | J22: Total
F23: Operador Logistico | H23: =+H4 -> 37506990376 | I23: =+I4 -> 7126328171 | J23: =+H23+I23 -> 44633318547
E24: BOLSA MERCANTIL | F24: Registro Bolsa | G24: =+G5 -> 0.003 | H24: =+H5 -> 112520971 | I24: =+I5 -> 21378984 | J24: =+H24+I24 -> 133899955
F25: Compensacion y liqu | G25: =+G6 -> 0.0021 | H25: =+H6 -> 78764680 | I25: =+I6 -> 14965289 | J25: =+H25+I25 -> 93729969
F26: Subtotal BMC | H26: =SUM(H24:H25) -> 191285651 | I26: =SUM(I24:I25) -> 36344273 | J26: =SUM(J24:J25) -> 227629924
E27: COMISIONISTA | F27: Costo Comision XXXX | G27: 0.002 | H27: =+H7 -> 75013981 | I27: =+I7 -> 14252656 | J27: =+H27+I27 -> 89266637
H28: =+H26+H27 -> 266299632 | I28: =+I26+I27 -> 50596929 | J28: =+J26+J27 -> 316896561
J29: =+J23+J28 -> 44950215108

Sheet Adicion 1
A2: RECURSOS OPERACIÓN LOGISTICA Y LIQUIDACION DE COMISIONES
A3: VALOR NEGOCIACION | B3: =+H4 -> 0 | F3: Concepto | G3: % | H3: Valor antes Iva | I3: Iva | J3: Total | M3: smlv | N3: 1423500
A4: VALOR DE NEGOCIACION | B4: =+H4 -> 0 | E4: LOGISTICA | F4: Operador Logistico | H4: =+L15 -> 0 | I4: =+ROUND(AVERAGE(H4*19%),0) -> 0 | J4: =+I4+H4 -> 0 | K4: =+J4 -> 0 | N4: =+K9/N3 -> 0
A5: IVA | B5: =+ROUND(AVERAGE(B3*19%),0) -> 0 | E5: BOLSA MERCANTIL | F5: Registro Bolsa | G5: 0.003 | H5: =+ROUND(AVERAGE(H4*G5),0) -> 0 | I5: =+ROUND(AVERAGE(H5*19%),0) -> 0 | J5: =+H5+I5 -> 0 | K5: =SUM(J5:J6) -> 0
A6: VALOR TOTAL DE NEGOCIACION | B6: =+B4+B5 -> 0 | F6: Compensacion y liqu | G6: 0.0021 | H6: =+ROUND(AVERAGE(H4*G6),0) -> 0 | I6: =+ROUND(AVERAGE(H6*19%),0) -> 0 | J6: =+H6+I6 -> 0
A7: SERVICIO DE REGISTRO (0,30%) | B7: =ROUND(AVERAGE(+B4*0.3%),0) -> 0 | C7: MBC | E7: COMISIONISTA | F7: Costo Comision REYCA | G7: 0.00092 | H7: =+ROUND(AVERAGE(H4*G7),0) -> 0 | I7: =+ROUND(AVERAGE(H7*19%),0) -> 0 | J7: =+H7+I7 -> 0 | K7: =+J7 -> 0
A8: IVA SERVICIO DE REGISTRO (19%) | B8: =ROUND(AVERAGE(+B7*19%),0) -> 0 | C8: MBC | H8: =+B9 -> 0 | I8: =+ROUND(AVERAGE(H8*19%),0) -> 0 | J8: =(+I8+H8)*G8 -> 0
A9: ESTANPA CRONOLOGICA | C9: MBC | H9: =SUM(H4:H8) -> 0 | I9: =SUM(I4:I8) -> 0 | J9: =+J8+J7+J6+J5+J4 -> 0 | K9: =SUM(K4:K7) -> 0
A10: IVA ESTAMPA | C10: MBC
A11: COMISION (0,092%) | B11: =ROUND(AVERAGE(+B4*0.092%),0) -> 0 | C11: Com
A12: IVA COMISIÓN (19%) | B12: =ROUND(AVERAGE(+B11*19%),0) -> 0 | L12: =+L11/L10 -> #DIV/0!
A13: ACEPTADA CYL (0,21%) | B13: =+ROUND(AVERAGE(B4*0.21%),0) -> 0 | C13: MBC
A14: IVA ACEPTADA CYL (19%) | B14: =+ROUND(AVERAGE(B13*19%),0) -> 0 | C14: MBC | L14: =+L10-L11 -> 0
A15: TOTAL COSTOS COMISION | B15: =SUM(B7:B14) -> 0 | L15: =+ROUND(AVERAGE(L14/1.19),0) -> 0
A16: TOTAL COMPROBANTE DE NEGOCIACION | B16: =+B15+B6 -> 0 | J16: =+L10-J9 -> 0
J17: =+L11-B15 -> 0
A18: BOLSA MERCANTIL | B18: =+B7+B8+B13+B14+B9+B10 -> 0
A19: CORREAGRO | B19: =+B11+B12 -> 0
A20: RECURSOS EVENTOS | B20: =+B6 -> 0
A21: TOTAL | B21: =SUM(B18:B20) -> 0
F22: LIQUIDACION COMISIONES
F23: Concepto | G23: % | H23: Valor antes Iva | I23: Iva | J23: Total
F24: Operador Logistico | H24: =+H4 -> 0 | I24: =+I4 -> 0 | J24: =+H24+I24 -> 0
E25: BOLSA MERCANTIL | F25: Registro Bolsa | G25: =+G5 -> 0.003 | H25: =+H5 -> 0 | I25: =+I5 -> 0 | J25: =+H25+I25 -> 0
F26: Compensacion y liqu | G26: =+G6 -> 0.0021 | H26: =+H6 -> 0 | I26: =+I6 -> 0 | J26: =+H26+I26 -> 0
F27: Subtotal BMC | H27: =SUM(H25:H26) -> 0 | I27: =SUM(I25:I26) -> 0 | J27: =SUM(J25:J26) -> 0
E28: COMISIONISTA | F28: Costo Comision REYCA | G28: =+G7 -> 0.00092 | H28: =+H7 -> 0 | I28: =+I7 -> 0 | J28: =+H28+I28 -> 0 | L28: =+J28/2 -> 0
H29: =+H27+H28 -> 0 | I29: =+I27+I28 -> 0 | J29: =+J27+J28 -> 0
J30: =+J24+J29 -> 0

Sheet Adicion 2
A2: RECURSOS OPERACIÓN LOGISTICA Y LIQUIDACION DE COMISIONES
A3: VALOR NEGOCIACION | B3: =+H4 -> 0 | F3: Concepto | G3: % | H3: Valor antes Iva | I3: Iva | J3: Total | M3: smlv | N3: 1746882
A4: VALOR DE NEGOCIACION | B4: =+H4 -> 0 | E4: LOGISTICA | F4: Operador Logistico | H4: =+L15 -> 0 | I4: =+ROUND(AVERAGE(H4*19%),0) -> 0 | J4: =+I4+H4 -> 0 | K4: =+J4 -> 0 | M4: =+L4-K4 -> 0 | N4: =+K9/N3 -> 0
A5: IVA | B5: =+ROUND(AVERAGE(B3*19%),0) -> 0 | E5: BOLSA MERCANTIL | F5: Registro Bolsa | G5: 0.003 | H5: =+ROUND(AVERAGE(H4*G5),0) -> 0 | I5: =+ROUND(AVERAGE(H5*19%),0) -> 0 | J5: =+H5+I5 -> 0 | K5: =SUM(J5:J6) -> 0
A6: VALOR TOTAL DE NEGOCIACION | B6: =+B4+B5 -> 0 | F6: Compensacion y liqu | G6: 0.0021 | H6: =+ROUND(AVERAGE(H4*G6),0) -> 0 | I6: =+ROUND(AVERAGE(H6*19%),0) -> 0 | J6: =+H6+I6 -> 0
A7: SERVICIO DE REGISTRO (0,30%) | B7: =ROUND(AVERAGE(+B4*0.3%),0) -> 0 | C7: MBC | E7: COMISIONISTA | F7: Costo Comision REYCA | G7: 0.00092 | H7: =+ROUND(AVERAGE(H4*G7),0) -> 0 | I7: =+ROUND(AVERAGE(H7*19%),0) -> 0 | J7: =+H7+I7 -> 0 | K7: =+J7 -> 0
A8: IVA SERVICIO DE REGISTRO (19%) | B8: =ROUND(AVERAGE(+B7*19%),0) -> 0 | C8: MBC | H8: =+B9 -> 0 | I8: =+ROUND(AVERAGE(H8*19%),0) -> 0 | J8: =(+I8+H8)*G8 -> 0
A9: ESTANPA CRONOLOGICA | C9: MBC | H9: =SUM(H4:H8) -> 0 | I9: =SUM(I4:I8) -> 0 | J9: =+J8+J7+J6+J5+J4 -> 0 | K9: =SUM(K4:K7) -> 0
A10: IVA ESTAMPA | C10: MBC
A11: COMISION (0,092%) | B11: =ROUND(AVERAGE(+B4*0.092%),0) -> 0 | C11: Com
A12: IVA COMISIÓN (19%) | B12: =ROUND(AVERAGE(+B11*19%),0) -> 0 | L12: =+L11/L10 -> #DIV/0!
A13: ACEPTADA CYL (0,21%) | B13: =+ROUND(AVERAGE(B4*0.21%),0) -> 0 | C13: MBC
A14: IVA ACEPTADA CYL (19%) | B14: =+ROUND(AVERAGE(B13*19%),0) -> 0 | C14: MBC | L14: =+L10-L11 -> 0
A15: TOTAL COSTOS COMISION | B15: =SUM(B7:B14) -> 0 | L15: =+ROUND(AVERAGE(L14/1.19),0) -> 0
A16: TOTAL COMPROBANTE DE NEGOCIACION | B16: =+B15+B6 -> 0 | J16: =+L10-J9 -> 0
J17: =+L11-B15 -> 0
A18: BOLSA MERCANTIL | B18: =+B7+B8+B13+B14+B9+B10 -> 0
A19: CORREAGRO | B19: =+B11+B12 -> 0
A20: RECURSOS EVENTOS | B20: =+B6 -> 0
A21: TOTAL | B21: =SUM(B18:B20) -> 0
F22: LIQUIDACION COMISIONES
F23: Concepto | G23: % | H23: Valor antes Iva | I23: Iva | J23: Total
F24: Operador Logistico | H24: =+H4 -> 0 | I24: =+I4 -> 0 | J24: =+H24+I24 -> 0
E25: BOLSA MERCANTIL | F25: Registro Bolsa | G25: =+G5 -> 0.003 | H25: =+H5 -> 0 | I25: =+I5 -> 0 | J25: =+H25+I25 -> 0
F26: Compensacion y liqu | G26: =+G6 -> 0.0021 | H26: =+H6 -> 0 | I26: =+I6 -> 0 | J26: =+H26+I26 -> 0
F27: Subtotal BMC | H27: =SUM(H25:H26) -> 0 | I27: =SUM(I25:I26) -> 0 | J27: =SUM(J25:J26) -> 0
E28: COMISIONISTA | F28: Costo Comision REYCA | G28: =+G7 -> 0.00092 | H28: =+H7 -> 0 | I28: =+I7 -> 0 | J28: =+H28+I28 -> 0
H29: =+H27+H28 -> 0 | I29: =+I27+I28 -> 0 | J29: =+J27+J28 -> 0
J30: =+J24+J29 -> 0

Sheet CALCULO SMLV
D3: Valores en Pesos | E3: Año | F3: Salario Minimo Año | G3: Valor en SMMLV
C4: Valor inicial del contrato | D4: 38010691015 | E4: 2025 | F4: 1423500 | G4: =+D4/F4 -> 26702.277
C5: Adicion 1 | D5: 14411837930 | E5: 2025 | F5: 1423500 | G5: =+D5/F5 -> 10124.228
C6: Valor Máximo a Adicionar | D6: =+F6*G6 -> 5.6500143e+09 | E6: 2026 | F6: 1750905 | G6: =G4/2-G5 -> 3226.9108
C7: Adición 2 | D7: =+F7*G7 -> 5646668625 | E7: 2026 | F7: 1750905 | G7: 3225

Sheet Acumulados Real
C1: CONTRATO No CO1.PCCNTR8052349 DE 2025
C2: INICIAL | F2: Adicion 1 | I2: Adicion 2 | L2: Subtotal 1 | O2: Subtotal
C3: Valor antes Iva | D3: Iva | E3: Total | F3: Valor antes Iva | G3: Iva | H3: Total | I3: Valor antes Iva | J3: Iva | K3: Total | L3: Valor antes Iva | M3: Iva | N3: Total | O3: Valor antes Iva | P3: Iva | Q3: Total
A4: Operador Logistico | C4: =+'Liquidacion inicial'!H4 -> 37506990376 | D4: =+'Liquidacion inicial'!I4 -> 7126328171 | E4: =+C4+D4 -> 44633318547 | F4: =+'Adicion 1'!H4 -> 0 | G4: =+'Adicion 1'!I4 -> 0 | H4: =+F4+G4 -> 0 | I4: =+'Adicion 2'!H4 -> 0 | J4: =+'Adicion 2'!I4 -> 0 | K4: =+I4+J4 -> 0 | L4: =+C4+F4+I4 -> 37506990376 | M4: =+D4+G4+J4 -> 7126328171 | N4: =+M4+L4 -> 44633318547 | O4: =+L4 -> 37506990376 | P4: =+M4 -> 7126328171 | Q4: =+P4+O4 -> 44633318547 | R4: Operador | S4: =+Q4 -> 44633318547
A5: Registro Bolsa | B5: 0.003 | C5: =+'Liquidacion inicial'!H5 -> 112520971 | D5: =+'Liquidacion inicial'!I5 -> 21378984 | E5: =+C5+D5 -> 133899955 | F5: =+'Adicion 1'!H5 -> 0 | G5: =+'Adicion 1'!I5 -> 0 | H5: =+F5+G5 -> 0 | I5: =+'Adicion 2'!H5 -> 0 | J5: =+'Adicion 2'!I5 -> 0 | K5: =+I5+J5 -> 0 | L5: =+C5+F5+I5 -> 112520971 | M5: =+D5+G5+J5 -> 21378984 | N5: =+L5+M5 -> 133899955 | O5: =+L5 -> 112520971 | P5: =+M5 -> 21378984 | Q5: =+O5+P5 -> 133899955 | R5: BMC | S5: =SUM(Q5:Q6) -> 227629924
A6: Compenscion y liqu | B6: 0.0021 | C6: =+'Liquidacion inicial'!H6 -> 78764680 | D6: =+'Liquidacion inicial'!I6 -> 14965289 | E6: =+C6+D6 -> 93729969 | F6: =+'Adicion 1'!H6 -> 0 | G6: =+'Adicion 1'!I6 -> 0 | H6: =+F6+G6 -> 0 | I6: =+'Adicion 2'!H6 -> 0 | J6: =+'Adicion 2'!I6 -> 0 | K6: =+I6+J6 -> 0 | L6: =+C6+F6+I6 -> 78764680 | M6: =+D6+G6+J6 -> 14965289 | N6: =+L6+M6 -> 93729969 | O6: =+L6 -> 78764680 | P6: =+M6 -> 14965289 | Q6: =+O6+P6 -> 93729969
A7: Costo Comision | B7: 0.00092 | C7: =+'Liquidacion inicial'!H7 -> 75013981 | D7: =+'Liquidacion inicial'!I7 -> 14252656 | E7: =+C7+D7 -> 89266637 | F7: =+'Adicion 1'!H7 -> 0 | G7: =+'Adicion 1'!I7 -> 0 | H7: =+F7+G7 -> 0 | I7: =+'Adicion 2'!H7 -> 0 | J7: =+'Adicion 2'!I7 -> 0 | K7: =+I7+J7 -> 0 | L7: =+C7+F7+I7 -> 75013981 | M7: =+D7+G7+J7 -> 14252656 | N7: =+L7+M7 -> 89266637 | O7: =+L7 -> 75013981 | P7: =+M7 -> 14252656 | Q7: =+O7+P7 -> 89266637 | R7: Correagro | S7: =+Q7 -> 89266637
C8: =SUM(C4:C7) -> 37773290008 | D8: =SUM(D4:D7) -> 7176925100 | E8: =SUM(E4:E7) -> 44950215108 | F8: =SUM(F4:F7) -> 0 | G8: =SUM(G4:G7) -> 0 | H8: =SUM(H4:H7) -> 0 | I8: =SUM(I4:I7) -> 0 | J8: =SUM(J4:J7) -> 0 | ... Q8: =SUM(Q4:Q7) -> 44950215108 | S8: =SUM(S4:S7) -> 44950215108
C10: INICIAL | F10: Adicion 1 | I10: Adicion 2 | L10: Subtotal 1 | O10: Subtotal
C11: Valor antes Iva | D11: Iva | E11: Total | F11: Valor antes Iva | G11: Iva | H11: Total | I11: Valor antes Iva | J11: Iva | K11: Total | L11: Valor antes Iva | M11: Iva | N11: Total | O11: Valor antes Iva | P11: Iva | Q11: Total
A12: Operacion logistica | C12: =+C4 -> 37506990376 | D12: =+D4 -> 7126328171 | E12: =+C12+D12 -> 44633318547 | F12: =+F4 -> 0 | G12: =+G4 -> 0 | H12: =+F12+G12 -> 0 | I12: =+I4 -> 0 | J12: =+J4 -> 0 | K12: =+I12+J12 -> 0 | L12: =+L4 -> 37506990376 | M12: =+M4 -> 7126328171 | N12: =+L12+M12 -> 44633318547 | O12: =+O4 -> 37506990376 | P12: =+P4 -> 7126328171 | Q12: =+O12+P12 -> 44633318547
A13: Bolsa mercantil | C13: =+C5+C6 -> 191285651 | D13: =+D5+D6 -> 36344273 | E13: =+E5+E6 -> 227629924 | F13: =+F5+F6 -> 0 | G13: =+G5+G6 -> 0 | H13: =+H5+H6 -> 0 | I13: =+I5+I6 -> 0 | J13: =+J5+J6 -> 0 | ... Q13: =+Q5+Q6 -> 227629924
A14: Renta y campo | C14: =+C7 -> 75013981 | D14: =+D7 -> 14252656 | E14: =+C14+D14 -> 89266637 | F14: =+F7 -> 0 | G14: =+G7 -> 0 | H14: =+F14+G14 -> 0 | I14: =+I7 -> 0 | J14: =+J7 -> 0 | K14: =+K7 -> 0 | L14: =+L7 -> 75013981 | M14: =+M7 -> 14252656 | N14: =+L14+M14 -> 89266637 | O14: =+O7 -> 75013981 | P14: =+P7 -> 14252656 | Q14: =+O14+P14 -> 89266637
A15: Totales | C15: =SUM(C12:C14) -> 37773290008 | D15: =SUM(D12:D14) -> 7176925100 | E15: =SUM(E12:E14) -> 44950215108 | F15: =SUM(F12:F14) -> 0 | G15: =SUM(G12:G14) -> 0 | H15: =SUM(H12:H14) -> 0 | I15: =SUM(I12:I14) -> 0 | J15: =SUM(J12:J14) -> 0 | ... Q15: =SUM(Q12:Q14) -> 44950215108

Sheet PLAN DE PAGOS
B2: CRONOGRAMA FLUJO DE PAGOS OPERACIÓN LOGISTICA
B4: CONCEPTO | C4: Numero Cdp | D4: MES | E4: VALOR A PAGAR
B5: Operacion logistica
B9: Comision BMC | E9: =+'Adicion 2'!J27 -> 0
B10: Comision | E10: =+'Adicion 2'!J28/2 -> 0
E11: =+'Adicion 2'!J28/2 -> 0
B12: Total contrato | E12: =SUM(E5:E11) -> 0
B14: PAGO OPERACIÓN LOGISTICA
B15: CONCEPTO DE PAGO | C15: FECHA DE PAGO | D15: VALOR A PAGAR
B17: a) Pago 1 | C17: Abril | D17: =5831288247+510000000 -> 6341288247
B18: b) Pago 2 | C18: Mayo | D18: 12655220471
B19: c) Pago 3 | C19: Junio | D19: 8537135399
B20: d) Pago 4 | C20: Julio | D20: 3591031169
B21: e) Pago 5 | C21: Agosto | D21: 703109440
B22: f) Pago 6 | C22: Septiembre | D22: 424527120
B23: g) Pago 7 | C23: Octubre | D23: 5219653893
B24: h) Pago 8 | C24: Noviembre | D24: 5365716883
B25: i) Pago 8 | C25: Diciembre | D25: 1795635925
B26: TOTAL CONTRATO | D26: =SUM(D16:D25) -> 44633318547
B28: PAGO BOLSA MERCANTIL
B29: CONCEPTO DE PAGO | C29: FECHA DE PAGO | D29: VALOR A PAGAR
B30: a) Pago 1 | D30: =+'Liquidacion inicial'!J26 -> 227629924
B31: TOTAL CONTRATO | D31: =+D30 -> 227629924
B33: PAGO COMISIONISTA
B34: CONCEPTO DE PAGO | C34: FECHA DE PAGO | D34: VALOR A PAGAR
B35: a) Pago 1 | D35: 44633318
B36: b) Pago 2 | D36: 44633319
B37: TOTAL CONTRATO | D37: =SUM(D35:D36) -> 89266637
B41: CONCEPTO | C41: MES | D41: VALOR A PAGAR
B42: Operacion logistica | D42: =+E5+E6 -> 0
D48: =+E7+E8 -> 0
B49: Comision BMC | D49: =+E9 -> 0
B50: Comision XXXX | D50: =+E10 -> 0
D51: =+E11 -> 0
B52: Total contrato | D52: =SUM(D42:D51) -> 0

Sheet Plan de pagos por rubro
B2: CRONOGRAMA FLUJO DE PAGOS OPERACIÓN LOGISTICA
B3: Concepto | C3: Mes | D3: CDP | E3: Rubro | F3: Valor
B4: Operación Logistica | E4: =+'Resumen plan de eventos'!D5 -> A-02-02-02-008-003 | F4: =+GETPIVOTDATA("Nuevo Contrato",'Resumen plan de eventos'!$D$3,"Rubro","A-02-02-02-008-003") -> 426000000
E5: =+'Resumen plan de eventos'!D6 -> A-03-03-04-065-001 | F5: =+GETPIVOTDATA("Nuevo Contrato",'Resumen plan de eventos'!$D$3,"Rubro","A-03-03-04-065-001") -> 680463000
E6: =+'Resumen plan de eventos'!D7 -> A-03-03-04-065-002 | F6: =+GETPIVOTDATA("Nuevo Contrato",'Resumen plan de eventos'!$D$3,"Rubro","A-03-03-04-065-002") -> 310500000
E7: =+'Resumen plan de eventos'!D8 -> A-03-03-04-065-003 | F7: =+GETPIVOTDATA("Nuevo Contrato",'Resumen plan de eventos'!$D$3,"Rubro","A-03-03-04-065-003") -> 45454545
E8: =+'Resumen plan de eventos'!D9 -> C-2201-0700-20-20203B-2201089-02 | F8: =+GETPIVOTDATA("Nuevo Contrato",'Resumen plan de eventos'!$D$3,"Rubro","C-2201-0700-20-20203B-2201089-02") -> 18932573844
E9: =+'Resumen plan de eventos'!D10 -> C-2201-0700-23-20203C-2201074-02 | F9: =+GETPIVOTDATA("Nuevo Contrato",'Resumen plan de eventos'!$D$3,"Rubro","C-2201-0700-23-20203C-2201074-02") -> 3900000000
E10: =+'Resumen plan de eventos'!D11 -> C-2201-0700-23-20203C-2201089-02 | F10: =+GETPIVOTDATA("Nuevo Contrato",'Resumen plan de eventos'!$D$3,"Rubro","C-2201-0700-23-20203C-2201089-02") -> 4905429242
E11: =+'Resumen plan de eventos'!D12 -> C-2201-0700-24-20203F-2201089-02 | F11: =+GETPIVOTDATA("Nuevo Contrato",'Resumen plan de eventos'!$D$3,"Rubro","C-2201-0700-24-20203F-2201089-02") -> 11457818916
E12: =+'Resumen plan de eventos'!D13 -> C-2202-0700-55-20203K40-2202038-02 | F12: =+GETPIVOTDATA("Nuevo Contrato",'Resumen plan de eventos'!$D$3,"Rubro","C-2202-0700-55-20203K40-2202038-02") -> 2087663985
E13: =+'Resumen plan de eventos'!D14 -> C-2202-0700-56-20203K41-2202057-02 | F13: =+GETPIVOTDATA("Nuevo Contrato",'Resumen plan de eventos'!$D$3,"Rubro","C-2202-0700-56-20203K41-2202057-02") -> 100000000
E14: =+'Resumen plan de eventos'!D15 -> C-2202-0700-56-20203K41-2202059-02 | F14: =+GETPIVOTDATA("Nuevo Contrato",'Resumen plan de eventos'!$D$3,"Rubro","C-2202-0700-56-20203K41-2202059-02") -> 821270000
E15: =+'Resumen plan de eventos'!D16 -> C-2299-0700-11-53105B-2299060-02 | F15: =+GETPIVOTDATA("Nuevo Contrato",'Resumen plan de eventos'!$D$3,"Rubro","C-2299-0700-11-53105B-2299060-02") -> 966145015
E16: =+'Resumen plan de eventos'!D17 -> Total general
E17: Subtotal | F17: =SUM(F4:F16) -> 44633318547
B18: Comision BMC | C18: Febrero | D18: 64926 | E18: C-2201-0700-20-20203B-2201089-02 | F18: =+'Liquidacion inicial'!J26 -> 227629924 | G18: OK
B19: Comision XXXXX | C19: Febrero | D19: 64926 | E19: C-2201-0700-20-20203B-2201089-02 | F19: =+'PLAN DE PAGOS'!D35 -> 44633318 | G19: OK
C20: Marzo | D20: 64926 | E20: C-2201-0700-20-20203B-2201089-02 | F20: =+'PLAN DE PAGOS'!D36 -> 44633319 | G20: OK
E21: Subtotal | F21: =SUM(F18:F20) -> 316896561
B22: Total contrato | E22: Total | F22: =+F21+F17 -> 44950215108

Sheet PLAN EVENTOS
B1: PLAN ANUAL DE EVENTOS
B4: VIGENCIA
A7: Dependencia | B7: Nombre del Evento | C7: Justificación | D7: ¿Es asistencia Técnica? | E7: Modalidad (Virtual, Presencial, Híbrido) | F7: Ciudad Origen del Evento | G7: Mes de Inicio | H7: Mes Fin | I7: Número Convocados | J7: Presupuesto Estimado ($) | K7: Lider del Evento | L7: Codigo Dependencia | M7: Rubro presupuestal
A8: Oficina Asesora de Planeación y Finanzas | B8: Audiencia Pública de rendición de cuentas acuerdo de paz | C8: Estrategia: Promoción de la participación ciudadana y rendición de cuentas Objetivo: Informar, explicar y dar a conocer los avances y resultados de la gestión del MEN en el marco de la implementación del PMI | D8: NO | E8: Híbrido | F8: Por definir | G8: ABR | H8: ABR | I8: 100 | J8: 35000000 | K8: Jefe OAPF: Jeimy Paola Aristizabal Rodríguez | L8: 1200 | M8: A-02-02-02-008-003
A9: Oficina Asesora de Planeación y Finanzas | B9: Espacio de articulación y sustentación de las necesidades del sector educativo | C9: Estrategia: Fortalecimiento de los mecanismos de planificación presupuestal sectorial Objetivo: Generar un espacio de articulación técnica e interinstitucional para la presentación, análisis y sustentación de las necesidades estratégicas de inversión del sector educativo, con el fin de fortalecer la planificación presupuestal, garantizar la coherencia con las metas del Plan Nacional de Desarrollo y asegurar el respaldo financiero requerido para la siguiente vigencia fiscal. | D9: NO | E9: Hibrida | F9: Bogotá | G9: MAY | H9: MAY | I9: 70 | J9: 2000000 | K9: Jefe OAPF: Jeimy Paola Aristizabal Rodríguez | L9: 1200 | M9: A-02-02-02-008-003
A10: Oficina Asesora de Planeación y Finanzas | B10: Jornada de diálogo y escucha ciudadana - Nodo sectorial | C10: Estrategia: Promoción de la participación ciudadana y rendición de cuentas Objetivo: Desarrollo de espacios de diálogo que promuevan la participación ciudadana y la comunicación efectiva y constructiva para la rendición de cuentas y el control social en el marco de la implementación del Nodo Sectorial de Educación. | D10: NO | E10: Hibrida | F10: Por definir | G10: JUN | H10: JUN | I10: 100 | J10: 10000000 | K10: Jefe OAPF: Jeimy Paola Aristizabal Rodríguez | L10: 1200 | M10: A-02-02-02-008-003
A11: Oficina Asesora de Planeación y Finanzas | B11: Taller Planeación Estratégica Institucional y Sectorial 2026 | C11: Estrategia: Fortalecimiento de los mecanismos de planeación y seguimiento institucional Objetivo: Formular la planeación institucional y sectorial en articulación con el Plan Nacional de Desarrollo 2026-2030. | D11: NO | E11: Presencial | F11: Bogotá | G11: OCT | H11: OCT | I11: 100 | J11: 100000000 | K11: Jefe OAPF: Jeimy Paola Aristizabal Rodríguez | L11: 1200 | M11: A-02-02-02-008-003
A12: Oficina Asesora de Planeación y Finanzas | B12: Audiencia Pública de rendición de cuentas MEN 2026 | C12: Estrategia: Promoción de la participación ciudadana y rendición de cuentas Objetivo: Informar, explicar y dar a conocer los avances y resultados de la gestión del MEN a los ciudadanos, la sociedad civil, otras entidades públicas y organismos de control, a partir de la promoción del diálogo | D12: NO | E12: Híbrido | F12: Por definir | G12: NOV | H12: NOV | I12: 100 | J12: 100000000 | K12: Jeimy PaolaAristízabal Rodríguez | L12: 1200 | M12: A-02-02-02-008-003
A13: Oficina de Cooperación y Asuntos Internacionales | B13: Mesa de Educación y Migración | C13: La mesa de Migración y Educación es la instancia conformada en 2023, cuyo objetivo es la coordinación y priorización de acciones que beneficien el acceso, la permanencia y el cumplimiento de la trayectoria educativa de la población migrante, colombianos r | D13: NO | E13: Presencial | F13: Bogotá | G13: MAR | H13: MAR | I13: 30 | J13: 1750000 | K13: Diana Murcia | L13: 1500 | M13: A-02-02-02-008-003
A14: Oficina de Cooperación y Asuntos Internacionales | B14: Mesa de Educación y Migración | C14: La mesa de Migración y Educación es la instancia conformada en 2023, cuyo objetivo es la coordinación y priorización de acciones que beneficien el acceso, la permanencia y el cumplimiento de la trayectoria educativa de la población migrante, colombianos r | D14: NO | E14: Presencial | F14: Bogotá | G14: AGO | H14: AGO | I14: 30 | J14: 1750000 | K14: Diana Murcia | L14: 1500 | M14: A-02-02-02-008-003
A15: Oficina de Cooperación y Asuntos Internacionales | B15: Ceremonia de certificación de preicfes populares con acompañamiento del sector privado | C15: En el marco de la estrategia de fortalecimiento a organizaciones de pre icfes popular para beneficiar a jóvenes en el tránsito de la educación media a la educación superior, se requiere promover la vinculación del sector privado como fuente de apoyo al fi | D15: NO | E15: Presencial | F15: Bogotá | G15: JUL | H15: JUL | I15: 400 | J15: 51500000 | K15: Paola Berdugo | L15: 1500 | M15: A-02-02-02-008-003
A16: Oficina de Cooperación y Asuntos Internacionales | B16: CELAC -África | C16: En el marco de la presidencia Protempore de Colombia en la Comunidad de Estados Latinoamericanos y Caribeños -CELAC- el Ministerio de Educación, en articulación con otras carteras tiene el compromiso de cofinanciar los eventos paralelos a los diálogos de | D16: NO | E16: Presencial | F16: Bogotá | G16: MAR | H16: MAR | I16: 100 | J16: 27000000 | K16: Ma. Francisca Perdomo | L16: 1500 | M16: A-02-02-02-008-003
A17: Oficina de Cooperación y Asuntos Internacionales | B17: CELAC Cierre (ciclo) | C17: En el marco de la presidencia Protempore de Colombia en la Comunidad de Estados Latinoamericanos y Caribeños -CELAC- el Ministerio de Educación lidera las actividades del sector educativo en la hoja de ruta 2025-2026, incluyendo este ciclo en el que se va | D17: NO | E17: Virtual | F17: Virtual | G17: ABR | H17: ABR | I17: 80 | J17: 20000000 | K17: Ma. Francisca Perdomo | L17: 1500 | M17: A-02-02-02-008-003
A18: Oficina de Cooperación y Asuntos Internacionales | B18: Sesión MIIES | C18: 0 | D18: NO | E18: Presencial | F18: Bogotá | G18: MAR | H18: MAR | I18: 20 | J18: 1000000 | K18: Jesús David G. | L18: 1500 | M18: A-02-02-02-008-003
A19: Oficina de Cooperación y Asuntos Internacionales | B19: Sesiones transición Clúster de educación en Emergencias | C19: Desde el MEN se entiende Educación en Emergencias en acciones para prevenir, atender y proteger integralmente los derechos de los Niñas, Niños, adolescentes y Jóvenes y los entornos educativos afectados por fenómenos naturales, situaciones de conflicto en | D19: NO | E19: Presencial | F19: Bogotá | G19: ABR | H19: ABR | I19: 35 | J19: 1000000 | K19: Diana Murcia | L19: 1500 | M19: A-02-02-02-008-003
A20: Oficina de Cooperación y Asuntos Internacionales | B20: Sesión MIIES | C20: 0 | D20: NO | E20: Presencial | F20: Bogotá | G20: ABR | H20: ABR | I20: 20 | J20: 1000000 | K20: Jesús David G. | L20: 1500 | M20: A-02-02-02-008-003
A21: Oficina de Cooperación y Asuntos Internacionales | B21: Sesiones transición Clúster de educación en Emergencias | C21: Desde el MEN se entiende Educación en Emergencias en acciones para prevenir, atender y proteger integralmente los derechos de los Niñas, Niños, adolescentes y Jóvenes y los entornos educativos afectados por fenómenos naturales, situaciones de conflicto en | D21: NO | E21: Presencial | F21: Bogotá | G21: JUN | H21: JUN | I21: 35 | J21: 1000000 | K21: Diana Murcia | L21: 1500 | M21: A-02-02-02-008-003
A22: Oficina de Cooperación y Asuntos Internacionales | B22: Sesión MIIES | C22: 0 | D22: NO | E22: Presencial | F22: Bogotá | G22: JUN | H22: JUN | I22: 20 | J22: 1000000 | K22: Jesús David G. | L22: 1500 | M22: A-02-02-02-008-003
A23: Oficina de Cooperación y Asuntos Internacionales | B23: Sesiones transición Clúster de educación en Emergencias | C23: Desde el MEN se entiende Educación en Emergencias en acciones para prevenir, atender y proteger integralmente los derechos de los Niñas, Niños, adolescentes y Jóvenes y los entornos educativos afectados por fenómenos naturales, situaciones de conflicto en | D23: NO | E23: Presencial | F23: Bogotá | G23: AGO | H23: AGO | I23: 35 | J23: 1000000 | K23: Diana Murcia | L23: 1500 | M23: A-02-02-02-008-003
A24: Oficina de Cooperación y Asuntos Internacionales | B24: Sesiones transición Clúster de educación en Emergencias | C24: Desde el MEN se entiende Educación en Emergencias en acciones para prevenir, atender y proteger integralmente los derechos de los Niñas, Niños, adolescentes y Jóvenes y los entornos educativos afectados por fenómenos naturales, situaciones de conflicto en | D24: NO | E24: Presencial | F24: Bogotá | G24: OCT | H24: OCT | I24: 35 | J24: 1000000 | K24: Diana Murcia | L24: 1500 | M24: A-02-02-02-008-003
A25: Oficina de Cooperación y Asuntos Internacionales | B25: Sesiones transición Clúster de educación en Emergencias | C25: Desde el MEN se entiende Educación en Emergencias en acciones para prevenir, atender y proteger integralmente los derechos de los Niñas, Niños, adolescentes y Jóvenes y los entornos educativos afectados por fenómenos naturales, situaciones de conflicto en | D25: NO | E25: Presencial | F25: Bogotá | G25: DIC | H25: DIC | I25: 35 | J25: 1000000 | K25: Diana Murcia | L25: 1500 | M25: A-02-02-02-008-003
A26: Oficina de Cooperación y Asuntos Internacionales | B26: Sesión ECW | C26: Espacio de revisión de acciones y toma de decisiones en el marco de la implementación del Multiyear Resilience Program (MYRP) II Colombia | D26: NO | E26: Presencial | F26: Bogotá | G26: MAR | H26: MAR | I26: 30 | J26: 2000000 | K26: Diana Murcia | L26: 1500 | M26: A-02-02-02-008-003
A27: Oficina de Cooperación y Asuntos Internacionales | B27: Sesión ECW | C27: Espacio de revisión de acciones y toma de decisiones en el marco de la implementación del Multiyear Resilience Program (MYRP) II Colombia | D27: NO | E27: Presencial | F27: Bogotá | G27: AGO | H27: AGO | I27: 30 | J27: 2000000 | K27: Diana Murcia | L27: 1500 | M27: A-02-02-02-008-003
A28: Oficina de Cooperación y Asuntos Internacionales | B28: Curso presencial de formación docente en Inteligencia Artificial con el apoyo de docentes de diferentes Universidades chinas | C28: En desarrollo del Memorando de Entendimiento firmado en mayo de 2025, entre el gobierno de Colombia y la Universidad de Tianjin de China, se realizará el curso de IA dirigido a docentes de normales y universitarios. El Ministerio dará como contrapartida | D28: NO | E28: Presencial | F28: Bogotá | G28: MAR | H28: MAR | I28: 24 | J28: 60000000 | K28: Victoria Gómez | L28: 1500 | M28: A-02-02-02-008-003
A29: Oficina de Cooperación y Asuntos Internacionales | B29: IV Consultas técnicas Colombia-Alemania | C29: Realizar la IV versión de las Consultas Técnicas de Cooperación Colombia-Alemania para consolidar una hoja de ruta que derive en el fortalecimiento de las relaciones de cooperación técnica en materia de educación, ciencia y tecnología. | D29: NO | E29: Presencial | F29: Bogotá | G29: JUN | H29: JUN | I29: 30 | J29: 5000000 | K29: Olga L Gallego | L29: 1500 | M29: A-02-02-02-008-003
A30: Oficina de Innovación Educativa con Uso de Nuevas Tecnologías | B30: Encuentro Nacional de Secretarias + encuentro de líderes de bilingüismo de 97 secretarías de educación certificadas + Encuentro Nacional de Lideres Financieros 2025 + Encuentro de líderes de cobertura+ Encuentro de líderes de Calidad y líderes de Evaluación+ lideres de inspección y vigilancia+ Capacitacion de norma tecnica colombiana NTC 9545 + Capacitación y Socialización en Temáticas de SIMAT ( 7 ESPACIOS)- CADA UNO CON CAPACIDAD DE 100 PERSONAS++Innovación Educativa con Uso de Nuevas Tecnologías | C30: En el marco del cierre de gobierno, se requiere un espacio con las Secretarias de Educación para evaluar y consolidar las políticas y programas implementados durante el presente de Gobierno, socializando los avances, estableciendo compromisos y definir líneas de acción para el futuro, para generar un espacio de diálogo que permita la continuidad de las apuestas estratégicas del sector, para seguir fortaleciendo la calidad educativa, promover la formación de docentes y estudiantes, para la mejora continua del sistema educativo ( Generar procesos de sostenibilidad en la implementación de centros de interés en lenguas extranjeras y nativas a partir del desarrollo de capacidades instaladas en las secretarías de educación del país.) +Con el ánimo de seguir trabajando en equipo con las regiones y construir conjuntamente la ruta de acceso, permanencia y bienestar de los niños y jóvenes en el sistema educativo. | D30: NO | E30: PRESENCIAL | F30: Bogotá | G30: MAR | H30: MAR | I30: 100 | J30: 267000000 | K30: Jhorman Gutierrez | L30: 1600 | M30: C-2201-0700-20-20203B-2201089-02
A31: Oficina de Innovación Educativa con Uso de Nuevas Tecnologías | B31: Feria del Libro 2026- Ofi Innovación FERIA DEL LIBRO | C31: Participación del Ministerio de Educación Nacional en la feria del libro 2026 a partir del histórico de participaciones y acogida del espacio del Ministerio en los últimos años como muestra de los procesos que se desarrollan en el marco del Plan Nacional de Lectura, Escritura y Oralidad y la implementación de la formación integral + articipar en las actividades pedagógicas que se van a desarrollar en la Feria del Libro en torno a centros de interés y el fomento de la lectura, escritura y la oralidad, | D31: NO | E31: PRESENCIAL | F31: Bogotá | G31: ABR | H31: ABR | I31: 200 | J31: 100000000 | K31: Jhorman Gutierrez | L31: 1600 | M31: C-2201-0700-20-20203B-2201089-02
A32: Oficina de Innovación Educativa con Uso de Nuevas Tecnologías | B32: Cierre olimpiadas | C32: Promover y fortalecer las estrategias territoriales que permitan el fortalecimiento de las habilidades cientificas y tecnológicas de las instituciones educativas públicas en el territorio | D32: NO | E32: PRESENCIAL | F32: Bogotá | G32: JUL | H32: JUL | J32: 140000000 | K32: Jhorman Gutierrez | L32: 1600 | M32: C-2201-0700-20-20203B-2201089-02
A33: Oficina de Innovación Educativa con Uso de Nuevas Tecnologías | B33: Hub taller prototipado cierre | C33: Verificación de la aplicación de conocimientos y entrenamiento de refuerzo | D33: NO | E33: PRESENCIAL | F33: Bogotá | G33: ABR | H33: ABR | J33: 15000000 | K33: Jhorman Gutierrez | L33: 1600 | M33: C-2201-0700-20-20203B-2201089-02
A34: Oficina de Innovación Educativa con Uso de Nuevas Tecnologías | B34: Visita de seguimiento del entrenamiento en INCHEON (ICT Training for Colombian Teacher) proyecto aulas TIC Entrenamiento 3 (Guasca Pitalito), opcional Nocaima y Calera. | C34: Verificación de la aplicación de conocimientos y entrenamiento de refuerzo | D34: NO | E34: PRESENCIAL | F34: Bogotá | G34: MAR | H34: MAR | J34: 68000000 | K34: Jhorman Gutierrez | L34: 1600 | M34: C-2201-0700-20-20203B-2201089-02
A35: Oficina de Innovación Educativa con Uso de Nuevas Tecnologías | B35: Taller creative portal | C35: Fortalecer las capacidades en la comunidad educativa en temas como IA, gamificación, enfoque STEM en el marco de la formación integral | D35: NO | E35: PRESENCIAL | F35: Bogotá | G35: MAR | H35: MAR | J35: 10000000 | K35: Jhorman Gutierrez | L35: 1600 | M35: C-2201-0700-20-20203B-2201089-02
A36: Oficina de Innovación Educativa con Uso de Nuevas Tecnologías | B36: Entrenamiento profesores INCHEON Programa KLIC (ICT Training for Colombian Teacher) | C36: Fortalecer las capacidades en la comunidad educativa en temas como IA, gamificación, enfoque STEM en el marco de la formación integral | D36: NO | E36: PRESENCIAL | F36: Bogotá | G36: MAR | H36: MAR | J36: 120000000 | K36: Jhorman Gutierrez | L36: 1600 | M36: C-2201-0700-20-20203B-2201089-02
A37: Oficina de Innovación Educativa con Uso de Nuevas Tecnologías | B37: Lanzamiento clubes de ciencia | C37: Fortalecer las capacidades en la comunidad educativa en temas como IA, gamificación, enfoque STEM en el marco de la formación integral | D37: NO | E37: PRESENCIAL | F37: Bogotá | G37: MAR | H37: MAR | J37: 20000000 | K37: Jhorman Gutierrez | L37: 1600 | M37: C-2201-0700-20-20203B-2201089-02
A38: Oficina de Innovación Educativa con Uso de Nuevas Tecnologías | B38: Promover y fortalecer las estrategias territoriales que permitan el fortalecimiento de las habilidades cientificas y tecnológicas de las instituciones educativas públicas en el territorio | C38: Fortalecer las capacidades en la comunidad educativa en temas como IA, gamificación, enfoque STEM en el marco de la formación integral | D38: NO | E38: PRESENCIAL | F38: Bogotá | G38: ABR | H38: ABR | J38: 10000000 | K38: Jhorman Gutierrez | L38: 1600 | M38: C-2201-0700-20-20203B-2201089-02
A39: Oficina de Innovación Educativa con Uso de Nuevas Tecnologías | B39: Hub de innovación con la SDO | C39: Promover las habilidades de innovación educativa en servidores del Ministerio y entidades territoriales certificadas (secretarias, docentes o directivos docentes) | D39: NO | E39: PRESENCIAL | F39: Bogotá | G39: ABR | H39: ABR | J39: 20000000 | K39: Jhorman Gutierrez | L39: 1600 | M39: C-2201-0700-20-20203B-2201089-02
A40: Oficina de Innovación Educativa con Uso de Nuevas Tecnologías | B40: Lanzamiento Centros de Interes | C40: Participar en las actividades pedagógicas que se van a desarrollar en la Feria del Libro en torno a centros de interés y el fomento de la lectura, escritura y la oralidad, en el marco de la implementación del programa de Formación Integral como garantía de una educación de calidad, digna, integral y de paz. | D40: NO | E40: PRESENCIAL | F40: Bogotá | G40: ABR | H40: ABR | J40: 56000000 | K40: Jhorman Gutierrez | L40: 1600 | M40: C-2201-0700-20-20203B-2201089-02
A41: Oficina de Innovación Educativa con Uso de Nuevas Tecnologías | B41: Entrenamiento profesores INCHEON Programa KLIC (ICT Training for Colombian Teacher) | C41: Entrenamiento en el uso Educativo de las TICS | D41: NO | E41: PRESENCIAL | F41: Bogotá | G41: MAY | H41: MAY | J41: 274000000 | K41: Jhorman Gutierrez | L41: 1600 | M41: C-2201-0700-20-20203B-2201089-02
A42: VPBM - Dirección de Calidad para la Educación Preescolar, Básica y Media | B42: Encuentro Nacional de Secretarias + encuentro de líderes de bilingüismo de 97 secretarías de educación certificadas + Encuentro Nacional de Lideres Financieros 2025 + Encuentro de líderes de cobertura+ Encuentro de líderes de Calidad y líderes de Evaluación+ lideres de inspección y vigilancia+ Capacitacion de norma tecnica colombiana NTC 9545 + Capacitación y Socialización en Temáticas de SIMAT ( 7 ESPACIOS)- CADA UNO CON CAPACIDAD DE 100 PERSONAS++Innovación Educativa con Uso de Nuevas Tecnologías | C42: En el marco del cierre de gobierno, se requiere un espacio con las Secretarias de Educación para evaluar y consolidar las políticas y programas implementados durante el presente de Gobierno, socializando los avances, estableciendo compromisos y definir líneas de acción para el futuro, para generar un espacio de diálogo que permita la continuidad de las apuestas estratégicas del sector, para seguir fortaleciendo la calidad educativa, promover la formación de docentes y estudiantes, para la mejora continua del sistema educativo ( Generar procesos de sostenibilidad en la implementación de centros de interés en lenguas extranjeras y nativas a partir del desarrollo de capacidades instaladas en las secretarías de educación del país.) +Con el ánimo de seguir trabajando en equipo con las regiones y construir conjuntamente la ruta de acceso, permanencia y bienestar de los niños y jóvenes en el sistema educativo. | D42: NO | E42: PRESENCIAL | F42: Bogotá | G42: MAR | H42: MAR | I42: 200 | J42: 120000000 | K42: Solman Yamile Diaz | L42: 1900 | M42: C-2201-0700-20-20203B-2201089-02
A43: VPBM - Dirección de Calidad para la Educación Preescolar, Básica y Media | B43: Encuentro nacional de Edución y formación integral | C43: Reconocer los avances y retos de la implementación de estrategias en el marco de la Formación integral. Además, realizar cierre y balance de la implementación de Centros de Interés para la Formación Integral con aliados intercestoriales (Mindeporte, Mintic, Mincultura, Minciencias, CPE) y estanlecer acuerdos de sostenibilidad estrategia intersectorial | D43: NO | E43: PRESENCIAL | F43: Bogotá | G43: ABR | H43: ABR | I43: 200 | J43: 200000000 | K43: Solman Yamile Diaz | L43: 1900 | M43: C-2201-0700-20-20203B-2201089-02
A44: VPBM - Dirección de Calidad para la Educación Preescolar, Básica y Media | B44: Feria del Libro 2026- Ofi Innovación FERIA DEL LIBRO | C44: Participación del Ministerio de Educación Nacional en la feria del libro 2026 a partir del histórico de participaciones y acogida del espacio del Ministerio en los últimos años como muestra de los procesos que se desarrollan en el marco del Plan Nacional de Lectura, Escritura y Oralidad y la implementación de la formación integral + articipar en las actividades pedagógicas que se van a desarrollar en la Feria del Libro en torno a centros de interés y el fomento de la lectura, escritura y la oralidad, | D44: NO | E44: PRESENCIAL | F44: Bogotá | G44: ABR | H44: ABR | I44: 200 | J44: 1900000000 | K44: Viviana Olaya | L44: 1900 | M44: C-2201-0700-20-20203B-2201089-02
A45: VPBM - Dirección de Calidad para la Educación Preescolar, Básica y Media | B45: Foro Educativo Nacional 2026 + encuentro PTAFI | C45: Cumplimiento de lo establecido en el artículo 164 de la Ley General de Educación 115 de 1994 | D45: NO | E45: PRESENCIAL | F45: Bogotá | G45: OCT | H45: OCT | I45: 600 | J45: 1000000000 | K45: Viviana Olaya | L45: 1900 | M45: C-2201-0700-20-20203B-2201089-02
A46: VPBM - Dirección de Calidad para la Educación Preescolar, Básica y Media | B46: Fortalecimiento del Proyecto Educativo Comunitario del pueblo Jiw en Meta. | C46: Realizar dos encuentros para el fortalecimiento del Proyecto Educativo Comunitario del pueblo Jiw Meta, por que no se logro focalización 2026 y tiene compromiso con presidencia. | D46: NO | E46: PRESENCIAL | F46: META-Villavicencio - Puerto López | G46: ABR | H46: ABR | I46: 50 | J46: 100000000 | K46: Viviana Olaya | L46: 1900 | M46: C-2201-0700-20-20203B-2201089-02
A47: VPBM - Dirección de Calidad para la Educación Preescolar, Básica y Media | B47: Fortalecimiento del Proyecto Educativo Comunitario del pueblo Nukak en Guaviare. | C47: Realizar dos encuentros para el fortalecimiento del Proyecto Educativo Comunitario del pueblo Nukak en Guaviare, por que no se logro focalización 2026 y tiene compromiso con presidencia. | D47: NO | E47: PRESENCIAL | F47: GUAVIARE -San José del Guaviare | G47: ABR | H47: ABR | I47: 50 | J47: 100000000 | K47: Viviana Olaya | L47: 1900 | M47: C-2201-0700-20-20203B-2201089-02
A48: VPBM - Dirección de Calidad para la Educación Preescolar, Básica y Media | B48: Fortalecimiento del Proyecto Educativo Comunitario del Rio Telpi Nariño | C48: Realizar dos encuentros para el fortalecimiento del Proyecto Educativo Comunitario del pueblo Nukak en Guaviare, por que no se logro focalización 2026 y tiene compromiso con presidencia. | D48: NO | E48: PRESENCIAL | F48: NARIÑO-BARBACOAS | G48: ABR | H48: ABR | I48: 50 | J48: 100000000 | K48: Viviana Olaya | L48: 1900 | M48: C-2201-0700-20-20203B-2201089-02
A49: VPBM - Dirección de Calidad para la Educación Preescolar, Básica y Media | B49: Mesas con representantes de pueblos indigenas -CONTCEPI | C49: En el PND se encuentra el indicador: El Ministerio de educación concertará e implementará programas de formación político organizativo y pedagogías propias dirigido a educadores indígenas o dinamizadores pedagógicos, líderes y autoridades indígenas. Y tiene como uno desus hitos: Concertar y diseñar con los pueblos indígenas el número de lineamientos de los programas de formación. Entonce se reuiere desarrollar mesas de trabajo para lograr esta concertación. | D49: NO | E49: PRESENCIAL | F49: Por definir | G49: ABR | H49: ABR | I49: 600 | J49: 1000000000 | K49: Viviana Olaya | L49: 1900 | M49: C-2201-0700-20-20203B-2201089-02
A50: VPBM - Dirección de Calidad para la Educación Preescolar, Básica y Media | B50: Webinar_Alimentación Escolar | C50: El webinar se fundamenta en la Ley 1355 de 2009, que declara el 24 de septiembre como Día Nacional de la lucha contra la obesidad y el sobrepeso, abriendo un marco para promover estrategias educativas sobre alimentación saludable y prevención de enfermedades asociadas. A partir de esta conmemoración, entidades del sector salud y educación han desarrollado la Semana de Hábitos y Estilos de Vida Saludables generalmente entre el 22–29 de septiembre como espacio de movilización social y pedagógica, lo que permite fortalecer el abordaje de la Política Nacional de Alimentación Escolar | D50: NO | E50: VIRTUAL | F50: Bogotá | G50: SEP | H50: SEP | I50: 500 | J50: 7000000 | K50: Solman Yamile Diaz | L50: 1900 | M50: C-2201-0700-20-20203B-2201089-02
A51: VPBM - Dirección de Calidad para la Educación Preescolar, Básica y Media | B51: Webinar_acoso escolar | C51: Webinar para el 2 de mayo en el marco del día de prevención mundial contra el acoso escolar. Se requiere recursos para el pago de conferencistas y panelistas y operador logístico | D51: NO | E51: VIRTUAL | F51: Bogotá | G51: MAY | H51: MAY | I51: 500 | J51: 8000000 | K51: Solman Yamile Diaz | L51: 1900 | M51: C-2201-0700-20-20203B-2201089-02
A52: VPBM - Dirección de Calidad para la Educación Preescolar, Básica y Media | B52: Webinar_Estilos de Vida Saludable | C52: El webinar responde a lo dispuesto en la Ley 1502 de 2011, reglamentada por el Decreto 2766 de 2013 y en el recientemente adoptado Plan de la Cultura de la Seguridad Social en Colombia 2025‑2028 (por medio de la Resolución 2237 de 2024), los cuales establecen como objetivo general promover la apropiación social del sistema de seguridad social a través de EDUCACIÓN, COMUNICACIÓN y ACCIÓN COLECTIVA — incluyendo a las comunidades educativas. El Webinar fortalece la dimensión de “educación con enfoque de cultura de seguridad social” al sensibilizar a directivos, docentes y estudiantes sobre estilos de vida saludable, promoción del bienestar y prevención de riesgos psicosociales, contribuyendo a una seguridad social integral desde el ámbito educativo. Asimismo, permite visibilizar y difundir experiencias significativas de instituciones educativas, tal como lo orienta el Plan para consolidar una cultura de la seguridad social participativa, solidaria y sostenible. | D52: NO | E52: VIRTUAL | F52: Bogotá | G52: ABR | H52: ABR | I52: 500 | J52: 7000000 | K52: Solman Yamile Diaz | L52: 1900 | M52: C-2201-0700-20-20203B-2201089-02
A53: VPBM - Dirección de Calidad para la Educación Preescolar, Básica y Media | B53: Webinar educación socioemocional y transversalidad | C53: En atención a las nuevas leyes de educación socioemocional se requiere generar un espacio formativo sobre educación socioemocional y transversalidad en el cual se integren los elementos de los nuevos referentes y la reglamentación, con el apoyo de al menos tres expertos. | D53: NO | E53: VIRTUAL | F53: Bogotá | G53: NOV | H53: NOV | I53: 500 | J53: 6000000 | K53: Solman Yamile Diaz | L53: 1900 | M53: C-2201-0700-20-20203B-2201089-02
... A81: VPBM - Dirección de Primera Infancia | B81: Celebración del día de la niñez y la recreación | C81: Realizar un homenaje a la niñez colombiana con el propósito de avanzar en la sensibilización de la familia, la sociedad y el Estado sobre su obligación de asistir y proteger a los niños y niñas para garantizarles su desarrollo armónico e integral; para eso se diseñarán y desarrollarán programas, actividades y eventos que fundamentados en una metodología lúdica, procurarán el acceso de los niños y niñas a opciones de salud, educación extraescolar, recreación, bienestar y participación además de la generación de espacios de reflexión sobre la niñez entre los adultos. | D81: NO | E81: PRESENCIAL | F81: ARAUCA | G81: ABR | H81: ABR | I81: 200 | J81: 102934402 | K81: Norma Liliana Martín García | L81: 2900 | M81: C-2201-0700-20-20203B-2201089-02
A82: VPBM - Despacho | B82: Eventos varios - Ministro | C82: Propiciar un espacio de alto nivel para fortalecer las apuestas de la politica educativa en distintos establecimientos educativos y entidades del país | D82: NO | E82: PRESENCIAL | F82: VARIAS REGIONES | G82: ABR | H82: ABR | I82: 1000 | J82: 1000000000 | K82: Alex Mendez | L82: 1000 | M82: C-2201-0700-20-20203B-2201089-02
A83: VPBM - Despacho | B83: Eventos varios - Ministro | C83: Propiciar un espacio de alto nivel para fortalecer las apuestas de la politica educativa en distintos establecimientos educativos y entidades del país | D83: NO | E83: PRESENCIAL | F83: VARIAS REGIONES | G83: MAY | H83: MAY | I83: 5000 | J83: 4000000000 | K83: Alex Mendez | L83: 1000 | M83: C-2201-0700-20-20203B-2201089-02
A84: VPBM - Despacho | B84: Encuentros regionales porel derecho a la educación en Colombia + Promover y fortalecer las estrategias territoriales que permitan el fortalecimiento de las habilidades cientificas y tecnológicas de las instituciones educativas (innovación)+Encuentro territorial jóvenes-Plan Decenal de Educación.+ Lanzamiento del IV Plan Decenal de Educación (1 evento que sucedo en cinco regiones de forma simultánea): Región Central | C84: Socialización de todas las apuestas realizadas y por realizar de la continuidad de la educación media a superior como estrategia de superación de la deserción escolar+El MEN tiene la obligación de formular el IV Plan Nacional Decenal para lo cual se ha llevado un proceso durante 2025 y cuya finalización en 2026, y para hacerlo público requiere de un evento masivo con actores educativos. | D84: NO | E84: PRESENCIAL | F84: TOLIMA- CHAPARRAL | G84: ABR | H84: ABR | I84: 250 | J84: 500000000 | K84: Solman Yamile Diaz | L84: 1800 | M84: C-2201-0700-20-20203B-2201089-02
A85: VPBM - Despacho | B85: Mesas Territoriales SIMES Sur Tolima - Huila | C85: Aportar al fortalecimiento de capacidades y competencias en los actores educativos y comunitarios; profundizando en la apropiación de la estrategia y en generar prácticas de gobernanza propia que inciten a las comunidades a liderar sus procesos de transformación y proyectar los desafíos propios de articulación para la consolidación de una educación de calidad y pertinente a los sueños de los territorios. | D85: NO | E85: PRESENCIAL | F85: TOLIMA- PLANADAS | G85: ABR | H85: ABR | I85: 250 | J85: 60000000 | K85: Luis Enrique Galeano | L85: 1800 | M85: C-2201-0700-20-20203B-2201089-02
A86: VPBM - Despacho | B86: Feria vocacional | C86: Promover la orientación vocacional en estudiantes que culminan la educación media. | D86: NO | E86: PRESENCIAL | F86: BARRANQUILLA | G86: ABR | H86: ABR | I86: 1000 | J86: 400000000 | K86: Yonar Figueroa | L86: 1800 | M86: C-2201-0700-20-20203B-2201089-02
A87: VPBM - Despacho | B87: Feria vocacional | C87: Promover la orientación vocacional en estudiantes que culminan la educación media. | D87: NO | E87: PRESENCIAL | F87: SOACHA | G87: ABR | H87: ABR | I87: 1000 | J87: 400000000 | K87: Yonar Figueroa | L87: 1800 | M87: C-2201-0700-20-20203B-2201089-02
A88: VPBM - Despacho | B88: Feria vocacional | C88: Promover la orientación vocacional en estudiantes que culminan la educación media. | D88: NO | E88: PRESENCIAL | F88: PALMIRA | G88: ABR | H88: ABR | I88: 1000 | J88: 400000000 | K88: Yonar Figueroa | L88: 1800 | M88: C-2201-0700-20-20203B-2201089-02
A89: VPBM - Despacho | B89: Feria vocacional | C89: Promover la orientación vocacional en estudiantes que culminan la educación media. | D89: NO | E89: PRESENCIAL | F89: POPAYAN | G89: MAY | H89: MAY | I89: 1000 | J89: 400000000 | K89: Yonar Figueroa | L89: 1800 | M89: C-2201-0700-20-20203B-2201089-02
A90: VPBM - Despacho | B90: Feria vocacional | C90: Promover la orientación vocacional en estudiantes que culminan la educación media. | D90: NO | E90: PRESENCIAL | F90: PEREIRA | G90: MAY | H90: MAY | I90: 1000 | J90: 400000000 | K90: Yonar Figueroa | L90: 1800 | M90: C-2201-0700-20-20203B-2201089-02
A91: VPBM - Despacho | B91: Sesiones de Comisión Mixta (4 sesiones) - Plan decenal | C91: La Comisión Mixta debe validar el Plan Decenal de Educación y velar por su apropiación territorial y defensa de los acuerdos. | D91: NO | E91: PRESENCIAL | F91: Bogotá | G91: ABR | H91: ABR | I91: 150 | J91: 200000000 | K91: Edith Rosio | L91: 1800 | M91: C-2201-0700-20-20203B-2201089-02
A92: VPBM - Despacho | B92: Encuentro de líderes territoriales SIMES | C92: Aportar al fortalecimiento de capacidades y competencias en los actores educativos y comunitarios; profundizando en la apropiación de la estrategia y en generar prácticas de gobernanza propia que inciten a las comunidades a liderar sus procesos de transformación y proyectar los desafíos propios de articulación para la consolidación de una educación de calidad y pertinente a los sueños de los territorios. | D92: NO | E92: PRESENCIAL | F92: Bogotá | G92: MAY | H92: MAY | I92: 60 | J92: 80000000 | K92: Luis Enrique Galeano | L92: 1800 | M92: C-2201-0700-20-20203B-2201089-02
A93: VPBM - Despacho | B93: Mesas Territoriales SIMES Catatumbo | C93: Aportar al fortalecimiento de capacidades y competencias en los actores educativos y comunitarios; profundizando en la apropiación de la estrategia y en generar prácticas de gobernanza propia que inciten a las comunidades a liderar sus procesos de transformación y proyectar los desafíos propios de articulación para la consolidación de una educación de calidad y pertinente a los sueños de los territorios. | D93: NO | E93: PRESENCIAL | F93: OCAÑA | G93: ABR | H93: ABR | I93: 100 | J93: 80000000 | K93: Luis Enrique Galeano | L93: 1800 | M93: C-2201-0700-20-20203B-2201089-02
A94: VPBM - Dirección de Fortalecimiento a la Gestión Territorial | B94: Eventos varios de salud fomag | C94: Atender la comisiones de salud que se desarrollan en todo el territorio colombiano. | D94: NO | E94: PRESENCIAL | F94: VARIAS REGIONES | G94: AGO | H94: AGO | I94: 400 | J94: 204245951 | K94: Cesar Angarita | L94: 2300 | M94: C-2201-0700-23-20203C-2201089-02
A95: VPBM - Dirección de Fortalecimiento a la Gestión Territorial | B95: JUEGOS DEPORTIVOS DEL MAGISTERIO FASE FINAL NACIONAL | C95: acuerdo sindical Gobierno Nacional y FECODE | D95: NO | E95: PRESENCIAL | F95: CALI/EJE CAFETERO | G95: SEP | H95: SEP | I95: 3700 | J95: 4641183291 | K95: Luz Adriana Quintero | L95: 2300 | M95: C-2201-0700-23-20203C-2201089-02
A96: VPBM - Dirección de Fortalecimiento a la Gestión Territorial | B96: Encuentro Regional de Socialización del estatuto a docentes etnoeducacadores | C96: Compromiso en el marco del Proyecto de Ley con el ENCP | D96: NO | E96: PRESENCIAL | F96: CALI | G96: MAR | H96: MAR | I96: 30 | J96: 60000000 | K96: Farides Margarita Pitre Redondo | L96: 2300 | M96: C-2201-0700-23-20203C-2201089-02
A97: VPBM - Dirección de Calidad para la Educación Preescolar, Básica -BM - PTA | B97: CONTCEPI - Mesa Técnica Pedagógica y Formar a los dinamizadores en la ruta pedagógica - PTA/F.I. 3.0. | C97: CONTCEPI - Mesa técnica Pedagógica PTA/F.I. 3.0. y Formación de los dinamizadores en la ruta pedagógica del PTA/F.I. 3.0. Con el objetivo es generar espacios para la construcción de estrategias y acciones específicas encaminadas a la recuperación de aprendizajes con enfoque y desarrollo en la formación integral. | D97: NO | E97: PRESENCIAL | F97: Por definir | G97: MAY | H97: MAY | I97: 97 | J97: 500000000 | K97: Ilich Ortiz | L97: 1901 | M97: C-2201-0700-23-20203C-2201074-02
A98: VPBM - Dirección de Calidad para la Educación Preescolar, Básica -BM - PTA | B98: Formación a tutores MOMENTO III en diferentes territorios del país. | C98: Formar a los docentes tutores del PTA en el MOMENTO III, con el objetivo es generar espacios para la construcción de estrategias y acciones específicas encaminadas a la recuperación de aprendizajes con enfoque y desarrollo en la formación integral. | D98: NO | E98: PRESENCIAL | F98: Todo el País | G98: JUN | H98: JUN | J98: 3000000000 | K98: Marcela Cascavita | L98: 1901 | M98: C-2201-0700-23-20203C-2201074-02
A99: VPBM - Dirección de Calidad para la Educación Preescolar, Básica -BM - PTA | B99: Encuentro con Formadores Momento III y Metodología Ruta 2026 PTA/F.I. 3.0. | C99: Encuentros con formadores y equipos de la Dirección de Calidad, sobre las orientaciones de la ruta pedagógica de la formación integral del PTA/F.I. 3.0. | D99: NO | E99: PRESENCIAL | F99: Bogotá | G99: MAR | H99: MAR | I99: 120 | J99: 100000000 | K99: Marcela Cascavita | L99: 1901 | M99: C-2201-0700-23-20203C-2201074-02
A100: VPBM - Dirección de Calidad para la Educación Preescolar, Básica -BM - PTA | B100: Realizar prácticas pedagógicas Semestrales de acuerdo con los lineamientos de formación integral definidos por el Ministerio de Educación Nacional. | C100: Realizar la practica pedagógica en el marco del PTA/F.I.3.0. enfocada en impulsar la formación integral, la alfabetización, y el desarrollo de los centros de interés, que se enmarcan en el propósito aumentar y desarrollar las oportunidades de aprendizaje de niños, niñas, por medio de una transformación curricular, de un fortalecimiento pedagógico que incorpore el arte, la cultura, el deporte, la actividad física, la ciencia, el pensamiento histórico, la tecnología, la innovación y la estrategia de educación CRESE (educación ciudadana para la reconciliación, antirracista, socioemocional y para el cambio climático. | D100: NO | E100: PRESENCIAL | F100: Todo el País | G100: ABR | H100: ABR | I100: 600 | J100: 300000000 | K100: Marcela Cascavita | L100: 1901 | M100: C-2201-0700-23-20203C-2201074-02
A101: VPBM - Despacho - SG - FOMAG | B101: Secretaría técnica FOMAG | C101: Desarrollar espacios de direccionamientoen el marco del Comité Directivo del FOMAG | D101: NO | E101: Presencial | F101: Bogotá | G101: MAR | H101: DIC | I101: 500 | J101: 87500000 | K101: Coordinadora FOMAG | L101: 3900 | M101: C-2201-0700-24-20203F-2201089-02
A102: VPBM - Despacho - SG - FOMAG | B102: Secretaría técnica FOMAG | C102: Desarrollar espacios de técnicos con en el marco del Comité Directivo del FOMAG | D102: NO | E102: Presencial | F102: Bogotá | G102: MAR | H102: DIC | I102: =2*40*10 -> 800 | J102: 140000000 | K102: Coordinadora FOMAG | L102: 3900 | M102: C-2201-0700-24-20203F-2201089-02
A103: VPBM - Despacho - SG - FOMAG | B103: Secretaría técnica FOMAG | C103: Desarrollar espacios de articulación con diferentes actores involucrados con el FOMAG | D103: NO | E103: Presencial | F103: Bogotá | G103: MAR | H103: DIC | I103: 700 | J103: 122500000 | K103: Coordinadora FOMAG | L103: 3900 | M103: C-2201-0700-24-20203F-2201089-02
A104: VPBM - Dirección de Fortalecimiento a la Gestión Territorial | B104: Encuentros regionales por la educación + Estrategias territoriales cientificas (innovación) | C104: Socialización de todas las apuestas realizadas y por realizar de la continuidad de la educación media a superior como estrategia de superación de la deserción escolar+Promover y fortalecer las estrategias territoriales que permitan el fortalecimiento de las habilidades cientificas y tecnológicas de las instituciones educativas públicas en el territorio+Realizar dos encuentros para el fortalecimiento del Proyecto Educativo Comunitario del rio telpi, por que no se logro focalización 2026 y tiene compromiso con presidencia. | D104: NO | E104: PRESENCIAL | F104: NARIÑO-PASTO | G104: ABR | H104: ABR | I104: 300 | J104: 220000000 | K104: Solman Yamile Diaz | L104: 2200 | M104: C-2201-0700-24-20203F-2201089-02
A105: VPBM - Dirección de Fortalecimiento a la Gestión Territorial | B105: Mesas Territoriales SIMES Telembí | C105: Aportar al fortalecimiento de capacidades y competencias en los actores educativos y comunitarios; profundizando en la apropiación de la estrategia y en generar prácticas de gobernanza propia que inciten a las comunidades a liderar sus procesos de transformación y proyectar los desafíos propios de articulación para la consolidación de una educación de calidad y pertinente a los sueños de los territorios. | D105: NO | E105: PRESENCIAL | F105: NARIÑO-BARBACOAS | G105: ABR | H105: ABR | I105: 300 | J105: 80000000 | K105: Luis Enrique Galeano | L105: 2200 | M105: C-2201-0700-24-20203F-2201089-02
A106: VPBM - Dirección de Fortalecimiento a la Gestión Territorial | B106: Encuentros regionales por el derecho a la Educación en Colombia | C106: Propiciar un espacio multiactor para fortalecer las apuestas de la politica educativa | D106: NO | E106: PRESENCIAL | F106: Bogotá | G106: MAY | H106: MAY | I106: 300 | J106: 600000000 | K106: Michelle Rios | L106: 2200 | M106: C-2201-0700-24-20203F-2201089-02
A107: VPBM - Dirección de Fortalecimiento a la Gestión Territorial | B107: Encuentros regionales por el derecho a la Educación en Colombia. +Realización de MTEA MESA TECNICA DE EDUCACIÓN AMAZONICA DECRETO 0481 SE ESTABLECE QUE SE DEBE REALIZAR 6 MESES DE HABERSE EXPEDIDO EL DECRETO + Mesa regional amazonica | C107: Propiciar un espacio multiactor para fortalecer las apuestas de la politica educativa | D107: NO | E107: PRESENCIAL | F107: GUAVIARE -San José del Guaviare | G107: MAR | H107: MAR | I107: 560 | J107: 500000000 | K107: Ilich Ortiz | L107: 2200 | M107: C-2201-0700-24-20203F-2201089-02
A108: VPBM - Dirección de Fortalecimiento a la Gestión Territorial | B108: CONTCEPI Sesión | C108: Continuación de las mesas de trabajo de acuerdo con los compromisos de la sesiones 49,50,51, y 60 de la CONTCEPI y sesión VII de la MPC en la que se ajusta la ruta de la consolidación del SEIP, así mismo con lo señalado en el decreto 2406 de 2007 articulo 7 | D108: NO | E108: PRESENCIAL | F108: Bogotá | G108: MAR | H108: MAR | I108: 80 | J108: 250000000 | K108: Ilich Ortiz | L108: 2200 | M108: C-2201-0700-24-20203F-2201089-02
A109: VPBM - Dirección de Fortalecimiento a la Gestión Territorial | B109: CONTCEPI Sesión | C109: Continuación de las mesas de trabajo de acuerdo con los compromisos de la sesiones 49,50,51, y 60 de la CONTCEPI y sesión VII de la MPC en la que se ajusta la ruta de la consolidación del SEIP, así mismo con lo señalado en el decreto 2406 de 2007 articulo 7 | D109: NO | E109: PRESENCIAL | F109: Bogotá | G109: MAY | H109: MAY | I109: 80 | J109: 200000000 | K109: Ilich Ortiz | L109: 2200 | M109: C-2201-0700-24-20203F-2201089-02
A110: VPBM - Dirección de Fortalecimiento a la Gestión Territorial | B110: CONTCEPI Sesión | C110: Continuación de las mesas de trabajo de acuerdo con los compromisos de la sesiones 49,50,51, y 60 de la CONTCEPI y sesión VII de la MPC en la que se ajusta la ruta de la consolidación del SEIP, así mismo con lo señalado en el decreto 2406 de 2007 articulo 7 | D110: NO | E110: PRESENCIAL | F110: Bogotá | G110: JUL | H110: JUL | I110: 80 | J110: 200000000 | K110: Ilich Ortiz | L110: 2200 | M110: C-2201-0700-24-20203F-2201089-02
A111: VPBM - Dirección de Fortalecimiento a la Gestión Territorial | B111: Comisión Técnica CONTCEPI | C111: Desarrollo de las mesas técnicas de preparación con los delegados de la CONTCEPI para lareglamentación de la norma SEIP en atención de los acuerdos señalados en la sesión 60 y 61. | D111: NO | E111: PRESENCIAL | F111: Bogotá | G111: MAY | H111: MAY | I111: 80 | J111: 150000000 | K111: Ilich Ortiz | L111: 2200 | M111: C-2201-0700-24-20203F-2201089-02
A112: VPBM - Dirección de Fortalecimiento a la Gestión Territorial | B112: Comisión Técnica CONTCEPI | C112: Desarrollo de las mesas técnicas de preparación con los delegados de la CONTCEPI para lareglamentación de la norma SEIP en atención de los acuerdos señalados en la sesión 60 y 61. | D112: NO | E112: PRESENCIAL | F112: Bogotá | G112: JUN | H112: JUN | I112: 80 | J112: 150000000 | K112: Ilich Ortiz | L112: 2200 | M112: C-2201-0700-24-20203F-2201089-02
A113: VPBM - Dirección de Fortalecimiento a la Gestión Territorial | B113: Comisión Técnica CONTCEPI | C113: Desarrollo de las mesas técnicas de preparación con los delegados de la CONTCEPI para lareglamentación de la norma SEIP en atención de los acuerdos señalados en la sesión 60 y 61. | D113: NO | E113: PRESENCIAL | F113: Bogotá | G113: OCT | H113: OCT | I113: 80 | J113: 150000000 | K113: Ilich Ortiz | L113: 2200 | M113: C-2201-0700-24-20203F-2201089-02
A114: VPBM - Dirección de Fortalecimiento a la Gestión Territorial | B114: Comisión Técnica CONTCEPI | C114: Desarrollo de las mesas técnicas de preparación con los delegados de la CONTCEPI para lareglamentación de la norma SEIP en atención de los acuerdos señalados en la sesión 60 y 61. | D114: NO | E114: PRESENCIAL | F114: Bogotá | G114: DIC | H114: DIC | I114: 80 | J114: 150000000 | K114: Ilich Ortiz | L114: 2200 | M114: C-2201-0700-24-20203F-2201089-02
A115: VPBM - Dirección de Fortalecimiento a la Gestión Territorial | B115: Socialización SEIP | C115: Socialización en territorio del Decreto 0481 de 2025 por el cual se reconoce el SEIP como política de Estado para los Pueblos Indígenas y del Decreto 1345 de 2023 concertado en la CONTCEPI mediante orden cuarta de sentencia su 245 de 2021, con el fin de garantizar el derecho de participación de las comunidades indígenas de Colombia. (81) EVENTOS 10 X CADA ORGANIZACIÓN. FALTA ONIC Y OPIAC | D115: NO | E115: PRESENCIAL | F115: NACIONAL | G115: ABR | H115: ABR | J115: 500000000 | K115: Ilich Ortiz | L115: 2200 | M115: C-2201-0700-24-20203F-2201089-02
A116: VPBM - Dirección de Fortalecimiento a la Gestión Territorial | B116: Sesión comisión IV | C116: Sesión de seguimiento | D116: NO | E116: PRESENCIAL | F116: Bogotá | G116: MAR | H116: MAR | I116: 50 | J116: 250000000 | K116: Farides Margarita Pitre Redondo | L116: 2200 | M116: C-2201-0700-24-20203F-2201089-02
A117: VPBM - Dirección de Fortalecimiento a la Gestión Territorial | B117: Seguimiento acuerdos Crihu | C117: Mesa de Educación Criuh con base al plan de accion Resolucion 1515 de 2021, para definir cumplimiento de acciones | D117: NO | E117: PRESENCIAL | F117: HUILA (según concertación puede variar) | G117: MAR | H117: MAR | I117: 35 | J117: 20000000 | K117: Farides Margarita Pitre Redondo | L117: 2200 | M117: C-2201-0700-24-20203F-2201089-02
A118: VPBM - Dirección de Fortalecimiento a la Gestión Territorial | B118: Primera Sesión del Consejo Nacional de Pueblos Indigenas | C118: De conformidad con lo establecido en el Decreto 0481 de 2025 | D118: NO | E118: PRESENCIAL | F118: NACIONAL | G118: ABR | H118: ABR | I118: 150 | J118: 400000000 | K118: Ilich Ortiz | L118: 2200 | M118: C-2201-0700-24-20203F-2201089-02
A119: VPBM - Dirección de Fortalecimiento a la Gestión Territorial | B119: La Noche de la Excelencia | C119: Celebración que se desarrolla cada año en reconocimiento de la labor de los directivos docentes (rectores, directores rurales, coordinadores, directores de núcleo, supervisores) | D119: NO | E119: PRESENCIAL | F119: Bogotá | G119: NOV | H119: NOV | I119: 300 | J119: 770000000 | K119: Ilich Ortiz | L119: 2200 | M119: C-2201-0700-24-20203F-2201089-02
A120: VPBM - Dirección de Fortalecimiento a la Gestión Territorial | B120: Mesas Territoriales SIMES Amazonas | C120: Aportar al fortalecimiento de capacidades y competencias en los actores educativos y comunitarios; profundizando en la apropiación de la estrategia y en generar prácticas de gobernanza propia que inciten a las comunidades a liderar sus procesos de transformación y proyectar los desafíos propios de articulación para la consolidación de una educación de calidad y pertinente a los sueños de los territorios. | D120: NO | E120: PRESENCIAL | F120: LETICIA | G120: ABR | H120: ABR | I120: 100 | J120: 150000000 | K120: Luis Enrique Galeano | L120: 2200 | M120: C-2201-0700-24-20203F-2201089-02
A121: VPBM - Dirección de Fortalecimiento a la Gestión Territorial | B121: Mesas Territoriales SIMES Vaupés | C121: Aportar al fortalecimiento de capacidades y competencias en los actores educativos y comunitarios; profundizando en la apropiación de la estrategia y en generar prácticas de gobernanza propia que inciten a las comunidades a liderar sus procesos de transformación y proyectar los desafíos propios de articulación para la consolidación de una educación de calidad y pertinente a los sueños de los territorios. | D121: NO | E121: PRESENCIAL | F121: MITÚ | G121: MAY | H121: MAY | I121: 100 | J121: 210000000 | K121: Luis Enrique Galeano | L121: 2200 | M121: C-2201-0700-24-20203F-2201089-02
A122: VPBM - Dirección de Fortalecimiento a la Gestión Territorial | B122: Mesas Territoriales SIMES Vichada | C122: Aportar al fortalecimiento de capacidades y competencias en los actores educativos y comunitarios; profundizando en la apropiación de la estrategia y en generar prácticas de gobernanza propia que inciten a las comunidades a liderar sus procesos de transformación y proyectar los desafíos propios de articulación para la consolidación de una educación de calidad y pertinente a los sueños de los territorios. | D122: NO | E122: PRESENCIAL | F122: CUMARIBO | G122: ABR | H122: ABR | I122: 100 | J122: 150000000 | K122: Luis Enrique Galeano | L122: 2200 | M122: C-2201-0700-24-20203F-2201089-02
A123: VPBM - Dirección de Fortalecimiento a la Gestión Territorial | B123: Mesas Territoriales SIMES Vichada | C123: Aportar al fortalecimiento de capacidades y competencias en los actores educativos y comunitarios; profundizando en la apropiación de la estrategia y en generar prácticas de gobernanza propia que inciten a las comunidades a liderar sus procesos de transformación y proyectar los desafíos propios de articulación para la consolidación de una educación de calidad y pertinente a los sueños de los territorios. | D123: NO | E123: PRESENCIAL | F123: PUERTO CARREÑO | G123: ABR | H123: ABR | I123: 100 | J123: 150000000 | K123: Luis Enrique Galeano | L123: 2200 | M123: C-2201-0700-24-20203F-2201089-02
A124: VPBM - Dirección de Fortalecimiento a la Gestión Territorial | B124: Encuentro Nacional de Secretarias + encuentro de líderes de bilingüismo de 97 secretarías de educación certificadas + Encuentro Nacional de Lideres Financieros 2025 + Encuentro de líderes de cobertura+ Encuentro de líderes de Calidad y líderes de Evaluación+ lideres de inspección y vigilancia+ Capacitacion de norma tecnica colombiana NTC 9545 + Capacitación y Socialización en Temáticas de SIMAT ( 7 ESPACIOS)- CADA UNO CON CAPACIDAD DE 100 PERSONAS++Innovación Educativa con Uso de Nuevas Tecnologías | C124: En el marco del cierre de gobierno, se requiere un espacio con las Secretarias de Educación para evaluar y consolidar las políticas y programas implementados durante el presente de Gobierno, socializando los avances, estableciendo compromisos y definir líneas de acción para el futuro, para generar un espacio de diálogo que permita la continuidad de las apuestas estratégicas del sector, para seguir fortaleciendo la calidad educativa, promover la formación de docentes y estudiantes, para la mejora continua del sistema educativo ( Generar procesos de sostenibilidad en la implementación de centros de interés en lenguas extranjeras y nativas a partir del desarrollo de capacidades instaladas en las secretarías de educación del país.) +Con el ánimo de seguir trabajando en equipo con las regiones y construir conjuntamente la ruta de acceso, permanencia y bienestar de los niños y jóvenes en el sistema educativo. | D124: NO | E124: PRESENCIAL | F124: Bogotá | G124: MAR | H124: MAR | I124: 100 | J124: 234713568 | K124: Ilich Ortiz | L124: 2500 | M124: C-2201-0700-24-20203F-2201089-02
A125: VPBM - Dirección de Fortalecimiento a la Gestión Territorial | B125: Encuentros regionales por el derecho a la Educación en Colombia. + Promover y fortalecer las estrategias territoriales que permitan el fortalecimiento de las habilidades cientificas y tecnológicas de las instituciones educativas (innovación)+Lanzamiento del IV Plan Decenal de Educación : región Caribe Región Pacífica, | C125: Propiciar un espacio multiactor para fortalecer las apuestas de la politica educativa +El MEN tiene la obligación de formular el IV Plan Nacional Decenal para lo cual se ha llevado un proceso durante 2025 y cuya finalización en 2026, y para hacerlo público requiere de un evento masivo con actores educativos. | D125: NO | E125: PRESENCIAL | F125: MAGDALENA- SANTA MARTA | G125: MAR | H125: MAR | I125: 600 | J125: 327329515 | K125: Michelle Rios | L125: 2500 | M125: C-2201-0700-24-20203F-2201089-02
A126: VPBM - Dirección de Fortalecimiento a la Gestión Territorial | B126: Encuentros regionales por el derecho a la Educación en Colombia. | C126: Propiciar un espacio multiactor para fortalecer las apuestas de la politica educativa | D126: NO | E126: PRESENCIAL | F126: BOLIVAR | G126: MAR | H126: MAR | I126: 700 | J126: 220000000 | K126: Solman Yamile Diaz | L126: 2500 | M126: C-2201-0700-24-20203F-2201089-02
A127: VPBM - Dirección de Fortalecimiento a la Gestión Territorial | B127: Mesas Territoriales SIMES La Mojana (2) | C127: Aportar al fortalecimiento de capacidades y competencias en los actores educativos y comunitarios; profundizando en la apropiación de la estrategia y en generar prácticas de gobernanza propia que inciten a las comunidades a liderar sus procesos de transformación y proyectar los desafíos propios de articulación para la consolidación de una educación de calidad y pertinente a los sueños de los territorios. | D127: NO | E127: PRESENCIAL | F127: BOLIVAR - SAN MARCOS Y MAGANGUE | G127: MAR | H127: MAR | I127: 700 | J127: 140000000 | K127: Luis Enrique Galeano | L127: 2500 | M127: C-2201-0700-24-20203F-2201089-02
... A147: VPBM - Dirección de Fortalecimiento a la Gestión Territorial | B147: Cumbre mujer Maestra Región Pacífico | C147: La cumbre hace parte del proceso de formación en bienestar del programa mujer maestr, el cual busca Fortalecer el rol de liderazgo de las mujeres maestras impulsando proyectos de bienestar e impacto en sus comunidades e instituciones. | D147: NO | E147: PRESENCIAL | F147: CALI | G147: MAY | H147: MAY | I147: 200 | J147: 207275203 | K147: Luz Adriana Quintero | L147: 2300 | M147: C-2201-0700-24-20203F-2201089-02
A148: VES - Dirección de Fomento de la Educación Superior | B148: Audiencias ley 30 | C148: Audiencias ley 30 | D148: NO | G148: MAR | H148: MAR | I148: 100 | J148: 6000000 | K148: Despacho VES | L148: 3600 | M148: C-2202-0700-55-20203K40-2202038-02
A149: VES - Dirección de Fomento de la Educación Superior | B149: Audiencias ley 30 | C149: Audiencias ley 30 | D149: NO | G149: ABR | H149: ABR | I149: 100 | J149: 6000000 | K149: Despacho VES | L149: 3600 | M149: C-2202-0700-55-20203K40-2202038-02
A150: VES - Dirección de Fomento de la Educación Superior | B150: Audiencias ley 30 | C150: Audiencias ley 30 | D150: NO | G150: MAY | H150: MAY | I150: 100 | J150: 6000000 | K150: Despacho VES | L150: 3600 | M150: C-2202-0700-55-20203K40-2202038-02
...

Sheet Resumen plan de eventos
A3: Suma de Presupuesto Estimado ($) | D3: Suma de Nuevo Contrato | G3: Validación
A4: Rubro presupuestal | B4: Total | D4: Rubro | E4: Total
A5: A-02-02-02-008-003 | B5: 426000000 | D5: A-02-02-02-008-003 | E5: 426000000 | G5: =+GETPIVOTDATA("Presupuesto Estimado ($)",$A$3,"Rubro presupuestal","A-02-02-02-008-003")-GETPIVOTDATA("Nuevo Contrato",$D$3,"Rubro","A-02-02-02-008-003") -> 0
A6: A-03-03-04-065-001 | B6: 680463000 | D6: A-03-03-04-065-001 | E6: 680463000 | G6: =+GETPIVOTDATA("Presupuesto Estimado ($)",$A$3,"Rubro presupuestal","A-02-02-02-008-003")-GETPIVOTDATA("Nuevo Contrato",$D$3,"Rubro","A-02-02-02-008-003") -> 0
A7: A-03-03-04-065-002 | B7: 310500000 | D7: A-03-03-04-065-002 | E7: 310500000 | G7: =+GETPIVOTDATA("Presupuesto Estimado ($)",$A$3,"Rubro presupuestal","A-02-02-02-008-003")-GETPIVOTDATA("Nuevo Contrato",$D$3,"Rubro","A-02-02-02-008-003") -> 0
A8: A-03-03-04-065-003 | B8: 45454545 | D8: A-03-03-04-065-003 | E8: 45454545 | G8: =+GETPIVOTDATA("Presupuesto Estimado ($)",$A$3,"Rubro presupuestal","A-02-02-02-008-003")-GETPIVOTDATA("Nuevo Contrato",$D$3,"Rubro","A-02-02-02-008-003") -> 0
A9: C-2201-0700-20-20203B-2201089-02 | B9: 18932573844 | D9: C-2201-0700-20-20203B-2201089-02 | E9: 18932573844 | G9: =+GETPIVOTDATA("Presupuesto Estimado ($)",$A$3,"Rubro presupuestal","A-02-02-02-008-003")-GETPIVOTDATA("Nuevo Contrato",$D$3,"Rubro","A-02-02-02-008-003") -> 0
A10: C-2201-0700-23-20203C-2201074-02 | B10: 3900000000 | D10: C-2201-0700-23-20203C-2201074-02 | E10: 3900000000 | G10: =+GETPIVOTDATA("Presupuesto Estimado ($)",$A$3,"Rubro presupuestal","A-02-02-02-008-003")-GETPIVOTDATA("Nuevo Contrato",$D$3,"Rubro","A-02-02-02-008-003") -> 0
A11: C-2201-0700-23-20203C-2201089-02 | B11: 4905429242 | D11: C-2201-0700-23-20203C-2201089-02 | E11: 4905429242 | G11: =+GETPIVOTDATA("Presupuesto Estimado ($)",$A$3,"Rubro presupuestal","A-02-02-02-008-003")-GETPIVOTDATA("Nuevo Contrato",$D$3,"Rubro","A-02-02-02-008-003") -> 0
A12: C-2201-0700-24-20203F-2201089-02 | B12: 11457818916 | D12: C-2201-0700-24-20203F-2201089-02 | E12: 11457818916 | G12: =+GETPIVOTDATA("Presupuesto Estimado ($)",$A$3,"Rubro presupuestal","A-02-02-02-008-003")-GETPIVOTDATA("Nuevo Contrato",$D$3,"Rubro","A-02-02-02-008-003") -> 0
A13: C-2202-0700-55-20203K40-2202038-02 | B13: 2087663985 | D13: C-2202-0700-55-20203K40-2202038-02 | E13: 2087663985 | G13: =+GETPIVOTDATA("Presupuesto Estimado ($)",$A$3,"Rubro presupuestal","A-02-02-02-008-003")-GETPIVOTDATA("Nuevo Contrato",$D$3,"Rubro","A-02-02-02-008-003") -> 0
A14: C-2202-0700-56-20203K41-2202057-02 | B14: 100000000 | D14: C-2202-0700-56-20203K41-2202057-02 | E14: 100000000 | G14: =+GETPIVOTDATA("Presupuesto Estimado ($)",$A$3,"Rubro presupuestal","A-02-02-02-008-003")-GETPIVOTDATA("Nuevo Contrato",$D$3,"Rubro","A-02-02-02-008-003") -> 0
A15: C-2202-0700-56-20203K41-2202059-02 | B15: 8.2127e+08 | D15: C-2202-0700-56-20203K41-2202059-02 | E15: 821270000 | G15: =+GETPIVOTDATA("Presupuesto Estimado ($)",$A$3,"Rubro presupuestal","A-02-02-02-008-003")-GETPIVOTDATA("Nuevo Contrato",$D$3,"Rubro","A-02-02-02-008-003") -> 0
A16: C-2299-0700-11-53105B-2299060-02 | B16: 966145015 | D16: C-2299-0700-11-53105B-2299060-02 | E16: 966145015 | G16: =+GETPIVOTDATA("Presupuesto Estimado ($)",$A$3,"Rubro presupuestal","A-02-02-02-008-003")-GETPIVOTDATA("Nuevo Contrato",$D$3,"Rubro","A-02-02-02-008-003") -> 0
A17: Total general | B17: 44633318547 | D17: Total general | E17: 44633318547 | G17: =+GETPIVOTDATA("Presupuesto Estimado ($)",$A$3,"Rubro presupuestal","A-02-02-02-008-003")-GETPIVOTDATA("Nuevo Contrato",$D$3,"Rubro","A-02-02-02-008-003") -> 0

Sheet CONCEPTO INTERVINIENTE
B1: CONCEPTO INTERVINIENTE | C1: VALOR PRESENTE ADICION
B2: RECURSOS DE NEGOCIACION | C2: =+'PLAN DE PAGOS'!D26 -> 44633318547
B3: COMISION BOLSA MERCANTIL DE COLOMBIA | C3: =+'PLAN DE PAGOS'!D30 -> 227629924
B4: COMISION XXX | C4: =+'PLAN DE PAGOS'!D37 -> 89266637
B5: TOTALES | C5: =SUM(C2:C4) -> 44950215108

Sheet Calcuco adicion en SMLV
I4: % adición
B5: DATOS SMMLV | E5: Valor inicial 2025 | F5: valor actual | G5: Valor adición 1-2025 | H5: Valor adición 2-2026 | I5: 0.5 | M5: smmlv adicionados | N5: porcentaje adicionado | O5: porcentaje faltante | P5: smmlv faltantes por adicionar | Q5: valor del 2026 por adicionar
B6: SMLV 2025 | C6: 1423500 | H6: =+'Adicion 2'!K9 -> 0 | I6: =+G6/(E7*C6) -> #DIV/0! | M6: =+G6/C6 -> 0 | N6: =+M6/L7 -> #DIV/0! | O6: =50%-N6 -> #DIV/0! | P6: =+E8-M6 -> 0 | Q6: =+P6*C7 -> 0
B7: SMLV 2026 | C7: 1750905 | D7: SMLV 100% | E7: =+E6/C6 -> 0 | K7: total cto en smmlv | L7: =+E6/C6 -> 0
D8: SMLV 50% | E8: =+E7*I5 -> 0 | F8: SMLV 2025 | G8: =+G6/$C$6 -> 0 | H8: =+H6/$C$7 -> 0 | I8: =+H8/E7 -> #DIV/0! | J8: =+I8+I6 -> #DIV/0! | K8: 50% de smmlv | L8: =+L7/2 -> 0
E10: Tope adición 2025 | I10: % de adición
D11: valor maximo posible adicion | E11: =+E8*C6 -> 0 | I11: =+(G11*I5)/E11 -> #DIV/0!
D12: valor maximo posible adicion SMLMV | E12: =+(E8-G8)*C7 -> 0 | F12: =+E12/C7 -> 0 | J12: =+G12-I12 -> 0

Sheet Total operacion adicion
A1: CONCEPTO | B1: MES | C1: VALOR A PAGAR
A2: Operación logística | C2: =+'PLAN DE PAGOS'!E5 -> 0
C3: =+'PLAN DE PAGOS'!E6 -> 0
C4: =+'PLAN DE PAGOS'!E7 -> 0
C5: =+'PLAN DE PAGOS'!E8 -> 0
C6: =+'PLAN DE PAGOS'!E9 -> 0
C7: =+'PLAN DE PAGOS'!E10 -> 0
C8: =+'PLAN DE PAGOS'!E11 -> 0
A9: Comisión BMC | B9: Febrero | C9: =+'PLAN DE PAGOS'!D30 -> 227629924
A10: Comisión XXXX | B10: Febrero | C10: =+'PLAN DE PAGOS'!D35 -> 44633318
B11: Marzo | C11: =+'PLAN DE PAGOS'!D36 -> 44633319
A12: Total operación | C12: =SUM(C2:C11) -> 316896561

Sheet CONSOLIDADO
B2: Concepto | C2: Precios antes de IVA | D2: IVA | E2: Total
B3: Servicios operación logística de eventos (base de cálculo para la comisión) | C3: =+'Acumulados Real'!L4 -> 37506990376 | D3: =+'Acumulados Real'!M4 -> 7126328171 | E3: =+C3+D3 -> 44633318547
B4: Compensación y Liquidación operación Fordward 0,30% | C4: =+'Acumulados Real'!L5 -> 112520971 | D4: =+'Acumulados Real'!M5 -> 21378984 | E4: =+C4+D4 -> 133899955
B5: Costo Bolsa Mercantil de Colombia Tarifa de registro en Bolsa plena sobre el valor de la operación 0,21% | C5: =+'Acumulados Real'!L6 -> 78764680 | D5: =+'Acumulados Real'!M6 -> 14965289 | E5: =+C5+D5 -> 93729969
B6: Presupuesto para el contrato de comisión con el porcentaje máximo de 0,02 sobre el valor total de la negociación: (sociedad comisionista) | C6: =+'Acumulados Real'!L7 -> 75013981 | D6: =+'Acumulados Real'!M7 -> 14252656 | E6: =+C6+D6 -> 89266637
B7: Total comisión | C7: =SUM(C4:C6) -> 266299632 | D7: =SUM(D4:D6) -> 50596929 | E7: =+C7+D7 -> 316896561
B8: Totales P/Pto del Proceso | C8: =+C3+C7 -> 37773290008 | D8: =+D3+D7 -> 7176925100 | E8: =+E3+E7 -> 44950215108
B13: 0.00092

Sheet Acumulados calculo 50%
B1: CONTRATO LOGISTICA BOLSA MERCANTIL VIGENCIAS FUTURAS
D2: 0.5
B3: VALOR TOTAL DE NEGOCIACION INICIAL | C3: =+'Liquidacion inicial'!K9 -> 44950215108 | D3: =+C3*50/100 -> 22475107554 | E3: =+C3+D3 -> 67425322662
B4: valor intencion de adicion 50% | C4: =+'Acumulados Real'!F12 -> 0 | D4: =+C21 -> 0 | E4: =+D4/C3 -> 0 | F4: Adicion 1
B5: VALOR TOTAL DE NEGOCIACION | C5: =+C4 -> 0 | E5: =+D5/C3 -> 0 | F5: Adicion 2
B6: IVA | C6: =+C4*19% -> 0 | E6: =+D6/C3 -> 0 | F6: Adicion 3
B7: VALOR TOTAL DE NEGOCIACION | C7: =+C5+C6 -> 0 | D7: =SUM(D4:D6) -> 0 | E7: =SUM(E4:E6) -> 0
D8: =+D3-D7 -> 22475107554
B9: SERVICIO DE REGISTRO (0,3%) | C9: =ROUND(AVERAGE(+C5*0.3%),0) -> 0 | D9: =+D5*E15 -> 0
B10: IVA SERVICIO DE REGISTRO (19%) | C10: =ROUND(AVERAGE(+C9*19%),0) -> 0
B11: Comisión (0,092%) | C11: =+C5*0.092% -> 0
B12: IVA COMISIÓN (19%) | C12: =TRUNC((C11*19%),1) -> 0
B13: ACEPTADA CYL (0,21%) | C13: =ROUND(AVERAGE(+C5*0.21%),0) -> 0
B14: IVA ACEPTADA CYL(19%) | C14: =ROUND(AVERAGE(+C13*19%),0) -> 0
B15: TOTAL COSTOS | C15: =SUM(C9:C14) -> 0 | D15: =+C15/C7 -> #DIV/0!
B16: TOTAL COMPROBANTE DE NEGOCIACION | C16: =+C15+C7 -> 0
B18: Bolsa mercantil | C18: =+'Acumulados Real'!H13 -> 0 | E18: =+D15/100 -> #DIV/0!
B19: Correagro | C19: =+'Acumulados Real'!H14 -> 0
B20: Recursos eventos | C20: =+'Acumulados Real'!H12 -> 0
B21: Valor inicial | C21: =SUM(C18:C20) -> 0 | E21: =+D6-C16 -> 0
C23: =+D6-C16 -> 0
C24: Costo | D24: Iva | E24: Total
B25: Bolsa mercantil | C25: =+C9+C13 -> 0 | D25: =+C10+C14 -> 0 | E25: =SUM(C25:D25) -> 0
B26: Correagro | C26: =+C11+0.24 -> 0.24 | D26: =+C12+0.2 -> 0.2 | E26: =SUM(C26:D26) -> 0.44
B27: Recursos eventos | C27: =+C5-0.44 -> -0.44 | D27: =+C6+0.44 -> 0.44 | E27: =SUM(C27:D27) -> 0
B28: Valor inicial | C28: =SUM(C25:C27) -> -0.2 | D28: =SUM(D25:D27) -> 0.64 | E28: =SUM(E25:E27) -> 0.44
G35: -
G36: -
H39: 6.2 | J39: 93.8
H40: 1.18
H41: 7.378
G42: Feria | H42: 9.6468145e+08 | I42: 59810250
I43: 11363948
G44: Comision tercero | H44: 71174198 | I44: 71174198
H45: 1.0358557e+09
H46: 19293.63
G48: Recursos | H48: 810671782 | J48: 810671782
G49: Iva | H49: 154027639 | J49: 154027639
G50: Comision mas Iva pago ter | H50: 71175523 | J50: 964699421
G51: Total | H51: 1035874944 | J51: 59811364
J52: 11364159
H53: 1035874944 | J53: 71175523
H54: 0.15
